 Dungeon Crawl Stone Soup version 0.30-a0-553-g7fabdf1491 (webtiles) character file.

Game seed: 6432936631697953823

622293 TheCowGoesMoo the Acrobat (level 27, 0/205 HPs)
             Began as an Octopode Summoner on Dec 25, 2022.
             Was an Initiate of Gozag.
             Slain by Mennas
             ... wielding a +1 sacred scourge of holy wrath
              (26 damage)
             ... on level 4 of the Vaults on Dec 26, 2022.
             The game lasted 03:22:18 (87855 turns).

TheCowGoesMoo the Acrobat (Octopode Summoner)      Turns: 87855, Time: 03:22:19

Health: 0/205      AC: 11    Str: 24    XL:     27
Magic:  40/40      EV: 29    Int: 39    God:    Gozag
Gold:   3931       SH: 10    Dex: 16    Spells: 28/62 levels left

rFire   + + +      SeeInvis +    X - staff of air {!a}
rCold   . . .      Faith    .    N - +2 buckler
rNeg    + + .      Spirit   .    c - +2 hat
rPois   +          Reflect  +    D - amulet "Fyicyeck" {Reflect Int+3 SH+5}
rElec   +          Harm     .    O - +4 ring of protection
rCorr   +          Rampage  .    v - ring "Igruop" {rElec rC+ rN+ SInv}
Will    +++..                    f - ring of Ucoanyegh {Fire rElec rN+ Str+3 Dex+2}
Stlth   +                        F - ring of Vaze {Fire Str+4 Int+4}
HPRegen 0.54/turn                d - ring "Ybidan" {rPois Will+ Str+6 Int+4 Stlth-}
MPRegen 0.27/turn                t - ring "Wedecaes" {Contam rF+ rC+ EV+4 Str+2}
                                 o - +4 ring of protection
                                 R - ring of resist corrosion

@: glowing
A: almost no armour, amphibious, 8 rings, camouflage 1, gelatinous body 1,
(nimble swimmer 1), tentacles, low MP 1
}: 4/15 runes: decaying, serpentine, slimy, abyssal
a: Renounce Religion, Potion Petition, Call Merchant, Bribe Branch


You were on level 4 of the Vaults.
You worshipped Gozag.
Gozag was most pleased with you.
You visited 13 branches of the dungeon, and saw 55 of its levels.
You visited the Abyss 1 time.
You visited 1 bazaar.
You also visited: Sewer and Wizlab.

You collected 31381 gold pieces.
You spent 11695 gold pieces at shops.
You paid 15755 gold pieces to Gozag.


Innate Abilities, Weirdness & Mutations

You cannot wear most types of armour.
You are amphibious.
You can wear up to eight rings at the same time.
Your skin changes colour to match your surroundings (Stealth+).
Your rubbery body absorbs attacks. (AC +1, EV +1)
((You are camouflaged when in or above water. (Stealth+)))
You have tentacles for arms and can constrict up to eight enemies at once.
Your magical capacity is low. (-10% MP)


   Skills:
 - Level 21.0 Fighting
 - Level 21.0 Dodging
 - Level 2.6 Stealth
 - Level 21.0 Unarmed Combat
 - Level 18.0 Spellcasting
 - Level 9.0 Conjurations
 - Level 14.0 Summonings
 - Level 10.0 Necromancy
 * Level 8.3 Translocations
 - Level 16.0 Transmutations
 - Level 7.4 Fire Magic
 - Level 16.0 Air Magic
 + Level 6.2 Evocations


You had 28 spell levels left.
You knew the following spells:

 Your Spells              Type           Power      Damage    Failure   Level
i - Iron Shot             Conj/Erth      31%        9d6       26%         6
m - Manifold Assault      Tloc           79%        N/A       1%          4
s - Storm Form            Tmut/Air       63%        N/A       1%          7
w - Wereblood             Tmut           100%       N/A       0%          2
B - Blink                 Tloc           100%       N/A       1%          2
D - Death Channel         Necr           42%        N/A       2%          6
S - Spellforged Servitor  Conj/Summ      45%        N/A       9%          7

Your spell library contained the following spells:

 Spells                   Type           Power      Damage    Failure   Level
 Beastly Appendage        Tmut           100%       N/A       0%          1
 Shock                    Conj/Air       100%       1d9       0%          1
 Summon Small Mammal      Summ           100%       N/A       0%          1
 Call Imp                 Summ           97%        N/A       0%          2
 Static Discharge         Conj/Air       100%       2-7/arc   0%          2
 Call Canine Familiar     Summ           97%        N/A       0%          3
 Swiftness                Air            100%       N/A       0%          3
 Airstrike                Air            63%        2d(9-25)  0%          4
 Apportation              Tloc           100%       N/A       1%          1
 Foxfire                  Conj/Fire      100%       2x1d9     1%          1
 Kiss of Death            Conj/Necr      100%       2d13      1%          1
 Magic Dart               Conj           100%       1d8       1%          1
 Necrotise                Necr           100%       1d9       1%          1
 Sandblast                Erth           70%        2d15      1%          1
 Slow                     Hex            100%       N/A       1%          1
 Sting                    Tmut/Pois      100%       1d8       1%          1
 Ensorcelled Hibernation  Hex/Ice        70%        N/A       1%          2
 Momentum Strike          Conj/Tloc      100%       3d10      1%          2
 Passwall                 Tmut/Erth      65%        N/A       1%          2
 Poisonous Vapours        Pois/Air       100%       N/A       1%          2
 Scorch                   Fire           100%       2d10      1%          2
 Searing Ray              Conj           100%       2d8       1%          2
 Sublimation of Blood     Necr           85%        N/A       1%          2
 Dazzling Flash           Conj/Hex       100%       N/A       1%          3
 Gell's Gravitas          Tloc           79%        N/A       1%          3
 Ignite Poison            Fire/Tmut/Pois 100%       N/A       1%          3
 Inner Flame              Hex/Fire       97%        N/A       1%          3
 Kindle Blastsparks       Fire/Tloc/Air  100%       2d18      1%          3
 Lesser Beckoning         Tloc           100%       N/A       1%          3
 Mephitic Cloud           Conj/Pois/Air  100%       N/A       1%          3
 Portal Projectile        Hex/Tloc       100%       N/A       1%          3
 Spider Form              Tmut/Pois      78%        N/A       1%          3
 Stone Arrow              Conj/Erth      100%       3d13      1%          3
 Summon Guardian Golem    Hex/Summ       74%        N/A       1%          3
 Teleport Other           Tloc           79%        N/A       1%          3
 Vampiric Draining        Necr           85%        2d12      1%          3
 Vhi's Electric Charge    Tloc/Air       100%       N/A       1%          3
 Anguish                  Hex/Necr       32%        N/A       1%          4
 Dispel Undead            Necr           85%        3d27      1%          4
 Flame Wave               Conj/Fire      100%       2d21      1%          4
 Fulminant Prism          Conj/Hex       31%        3d15      1%          4
 Petrify                  Tmut/Erth      78%        N/A       1%          4
 Sticky Flame             Conj/Fire      100%       2d11      1%          4
 Summon Lightning Spire   Summ/Air       100%       N/A       1%          4
 Agony                    Necr           85%        N/A       1%          5
 Alistair's Intoxication  Tmut/Pois      52%        N/A       1%          5
 Arcjolt                  Conj/Air       57%        1d67      1%          5
 Blade Hands              Tmut           51%        N/A       1%          5
 Freezing Cloud           Conj/Ice/Air   50%        6-21      1%          5
 Irradiate                Conj/Tmut      46%        3d27      1%          5
 Iskenderun's Battlesphe  Conj           81%        2d13      1%          5
 Lightning Bolt           Conj/Air       57%        1d80      1%          5
 Silence                  Hex/Air        49%        N/A       1%          5
 Summon Forest            Summ/Tloc      44%        N/A       1%          5
 Summon Mana Viper        Hex/Summ       74%        N/A       1%          5
 Conjure Ball Lightning   Conj/Air       57%        3x3d22    1%          6
 Summon Cactus Giant      Summ           48%        N/A       1%          6
 Dragon Form              Tmut           51%        N/A       1%          7
 Confusing Touch          Hex            35%        N/A       3%          3
 Tukima's Dance           Hex            35%        N/A       3%          3
 Borgnjor's Vile Clutch   Necr/Erth      32%        N/A       4%          5
 Dispersal                Tloc           39%        N/A       6%          6
 Statue Form              Tmut/Erth      52%        N/A       6%          6
 Haunt                    Necr/Summ      45%        N/A       7%          7
 Cause Fear               Hex            17%        N/A       11%         4
 Olgreb's Toxic Radiance  Pois           35%        N/A       11%         4
 Orb of Destruction       Conj           40%        9d11      24%         7
 Summon Horrible Things   Summ           48%        N/A       24%         8
 Lee's Rapid Deconstruct  Erth           17%        3d11*     30%         5
 Infestation              Necr           42%        N/A       77%         8
 Disjunction              Tloc           39%        N/A       94%         8
 Dragon's Call            Summ           48%        N/A       98%         9
 Enfeeble                 Hex            17%        N/A       100%        7
 Discord                  Hex            17%        N/A       100%        8
 Lehudib's Crystal Spear  Conj/Erth      31%        10d8      100%        8
 Chain Lightning          Conj/Air       57%        3d76      100%        9
 Fire Storm               Conj/Fire      61%        8d15      100%        9
 Polar Vortex             Ice            17%        N/A       100%        9
 Shatter                  Erth           17%        3d16*     100%        9
 Animate Dead             Necr           Unusable   N/A       N/A         4
 Simulacrum               Ice/Necr       Unusable   N/A       N/A         6

Inventory:

Hand Weapons
 I - the +13 scythe of Curses {drain, Drain}
   (You found it on level 1 of the Realm of Zot)

   A truly terrible weapon, it drains the life of any living foe it strikes.
   It inflicts powerful necromantic curses on any living foe it strikes.
   Drain:     It drains your maximum health when unequipped.
Armour
 c - a +2 hat (worn)
   (You found it on level 3 of the Depths)
 w - the +10 tower shield of Ignorance {rN+ Int-4}
   (You found it on level 5 of the Pits of Slime)

   Int:       It affects your intelligence (-4).
   rN:        It protects you from negative energy.
 C - a +2 kite shield of cold resistance
   (You took it off a naga warrior on level 4 of the Snake Pit)
 N - a +2 buckler (worn)
   (You took it off a spriggan rider on level 3 of the Swamp)
Magical Staves
 X - a staff of air (weapon) {!a}
   (You found it on level 10 of the Dungeon)
Jewellery
 d - the ring "Ybidan" (on tentacle) {rPois Will+ Str+6 Int+4 Stlth-}
   (You bought it in a shop on level 2 of the Orcish Mines)

   [ring of strength]

   Str:       It affects your strength (+6).
   Int:       It affects your intelligence (+4).
   rPois:     It protects you from poison.
   Will:      It increases your willpower.
   Stlth:     It makes you less stealthy.
 f - the ring of Ucoanyegh (on tentacle) {Fire rElec rN+ Str+3 Dex+2}
   (You took it off a deep elf demonologist on level 3 of the Elven Halls)

   [ring of fire]

   It enhances your fire magic.
   Str:       It affects your strength (+3).
   Dex:       It affects your dexterity (+2).
   rF:        It protects you from fire.
   rC:        It makes you vulnerable to cold.
   rElec:     It insulates you from electricity.
   rN:        It protects you from negative energy.
 g - an amulet of regeneration
   (You found it on level 2 of the Snake Pit)
 j - the ring "Sacolesu" {rPois rF- Str-2 Int+8 Dex+6}
   (You bought it in a shop on level 2 of the Orcish Mines)

   [ring of dexterity]

   Str:       It affects your strength (-2).
   Int:       It affects your intelligence (+8).
   Dex:       It affects your dexterity (+6).
   rF:        It makes you vulnerable to fire.
   rPois:     It protects you from poison.
 o - a +4 ring of protection (on tentacle)
   (You found it on level 6 of the Dungeon)
 t - the ring "Wedecaes" (on tentacle) {Contam rF+ rC+ EV+4 Str+2}
   (You found it on level 5 of the Dungeon)

   [ring of evasion]

   EV:        It affects your evasion (+4).
   Str:       It affects your strength (+2).
   rF:        It protects you from fire.
   rC:        It protects you from cold.
   Contam:    It causes magical contamination when unequipped.
 v - the ring "Igruop" (right tentacle) {rElec rC+ rN+ SInv}
   (You bought it in a shop on level 12 of the Dungeon)

   [ring of see invisible]

   rC:        It protects you from cold.
   rElec:     It insulates you from electricity.
   rN:        It protects you from negative energy.
   SInv:      It lets you see invisible.
 x - the ring "Teorghut" {rF++ SInv}
   (You bought it in a shop on level 2 of the Realm of Zot)

   [ring of see invisible]

   rF:        It greatly protects you from fire.
   SInv:      It lets you see invisible.
 D - the amulet "Fyicyeck" (around mantle) {Reflect Int+3 SH+5}
   (You bought it in a shop on level 12 of the Dungeon)

   [amulet of reflection]

   It reflects blocked missile attacks.
   Int:       It affects your intelligence (+3).
   SH:        It affects your SH (+5).
 F - the ring of Vaze (on tentacle) {Fire Str+4 Int+4}
   (You took it off a wizard on level 1 of the Vaults)

   [ring of fire]

   It enhances your fire magic.
   Str:       It affects your strength (+4).
   Int:       It affects your intelligence (+4).
   rF:        It protects you from fire.
   rC:        It makes you vulnerable to cold.
 O - a +4 ring of protection (left tentacle)
   (You found it on level 3 of the Dungeon)
 R - a ring of resist corrosion (on tentacle)
   (You found it on level 1 of the Swamp)
 S - the ring of Sicat {+Blink rPois rC+ Str+3 Slay+4}
   (You found it on level 5 of the Pits of Slime)

   [ring of slaying]

   Str:       It affects your strength (+3).
   Slay:      It affects your accuracy & damage with ranged weapons and melee
   (+4).
   rC:        It protects you from cold.
   rPois:     It protects you from poison.
   +Blink:    It lets you blink.
 T - the ring "Paf Obb" {*Slow rC++ rCorr}
   (You found it on level 1 of the Realm of Zot)

   [ring of resist corrosion]

   rC:        It greatly protects you from cold.
   rCorr:     It protects you from acid and corrosion.
   *Slow:     It may slow you when you take damage.
 Y - a +4 ring of slaying
   (You found it on level 3 of the Dungeon)
 Z - a ring of wizardry
   (You found it on level 3 of the Dungeon)
Wands
 A - a wand of digging (12)
   (You found it on level 2 of the Swamp)
Scrolls
 b - 20 scrolls of fog
 e - 7 scrolls of magic mapping {!r}
 h - 31 scrolls of teleportation {@r4}
 k - 9 scrolls of fear
 J - 9 scrolls of blinking {!r}
 P - 9 scrolls of amnesia
 Q - 6 scrolls of enchant armour
 U - 5 scrolls of summoning
 V - 4 scrolls of silence {!r!r}
 W - a scroll of enchant weapon
Potions
 a - 9 potions of magic
 i - 6 potions of brilliance
 l - 14 potions of mutation {!q}
 m - 4 potions of ambrosia
 n - 7 potions of resistance
 p - 21 potions of curing {@q1}
 r - 13 potions of attraction {!q}
 s - 9 potions of berserk rage {!q}
 y - 8 potions of flight
 z - 5 potions of haste {@q3}
 B - 5 potions of might
 H - 10 potions of lignification {!q}
 K - 3 potions of invisibility
 L - 5 potions of cancellation
 M - 5 potions of heal wounds {@q2}
Miscellaneous
 q - a lightning rod (4/4)
   (You found it on level 3 of the Elven Halls)
 u - a tin of tremorstones (2/2)
   (You found it on level 4 of the Lair of Beasts)
 E - a condenser vane
   (You found it on level 2 of the Vaults)
 G - a phantom mirror (inert)
   (You found it on level 2 of the Elven Halls)

Dungeon Overview and Level Annotations

Branches:
Dungeon (15/15)            Temple (1/1) D:6            Lair (5/5) D:8
  Swamp (4/4) Lair:2        Snake (4/4) Lair:2        Slime (5/5) Lair:4
    Orc (2/2) D:9             Elf (3/3) Orc:2        Vaults (5/5) D:13
  Crypt (1/3) Vaults:2     Depths (4/4) D:15           Hell (visited)
    Dis (0/7) Hell            Geh (0/7) Hell            Coc (0/7) Hell
    Tar (0/7) Hell            Zot (5/5) Depths:4      Sewer (visited)
 WizLab (visited)

Altars:
Ashenzari
Cheibriados
Dithmenos
Elyvilon
Fedhas
Gozag
Hepliaklqana
Kikubaaqudgha
Makhleb
Nemelex Xobeh
Okawaru
Qazlal
Ru
Sif Muna
Trog
Uskayaw
Vehumet
Wu Jian
Xom
Yredelemnul
Zin
The Shining One
Jiyva

Shops:
D:6 *   D:10 *   D:12 :::=   D:14 ?   Orc:1 !   Orc:2 (==?((?   Snake:1 ?
Snake:2 *   Snake:3 *   Vaults:3 *   Zot:2 :*=   Depths:4 *

Portals:
Hell: Depths:1 Depths:2 Depths:3 Depths:4
Abyss: Depths:3
Pandemonium: Depths:1 Depths:2 Depths:3
Ziggurat: Depths:4

Annotations:
Vaults:4 Mennas

######## #...........# #......#
#......# #....###....# #......#
#......# #.....#.....# #......#
#......# #...........# #......#
#......###'########### #......#
'...)..#.......# #......#
#......'.......# #......#
########.....).###########......#
# #.......A@...#....#......# #
#.......#..^.'[..)'......'
#.......#....#))..#......#
#########....#)...#......#
#....#....#......#
#....##)###......#
######....######## #.........#
########## ####......#


You could see Mennas (fast).


Message History

Mennas attacks as you move away! You block Mennas's attack.
Mennas hits you with a +1 sacred scourge of holy wrath!!
* * * LOW HITPOINT WARNING * * *
Mennas misses you. Mennas hits you but does no damage.
There is a stone staircase leading up here.
Mennas hits you with a +1 sacred scourge of holy wrath!
* * * LOW HITPOINT WARNING * * *
Mennas hits you but does no damage. Mennas completely misses you.
You block Mennas's attack.
You fly upwards.
There is a stone staircase leading down here.
You feel much better. Mennas misses you. Mennas hits you but does no damage.
Mennas looks to the heavens.
Mennas hits you with a +1 sacred scourge of holy wrath!
* * * LOW HITPOINT WARNING * * *
Mennas hits you with a +1 sacred scourge of holy wrath.
* * * LOW HITPOINT WARNING * * *
Mennas completely misses you. You block Mennas's attack.
Unknown command.
You feel yourself speed up. Mennas completely misses you. x2
You block Mennas's attack. Mennas completely misses you.
Unknown command.
Mennas hits you with a +1 sacred scourge of holy wrath!
* * * LOW HITPOINT WARNING * * *
Mennas misses you. Mennas attacks as you move away! Mennas closely misses you.
Mennas hits you but does no damage. Mennas completely misses you.
Mennas hits you with a +1 sacred scourge of holy wrath!
* * * LOW HITPOINT WARNING * * *
Unknown command.
Mennas attacks as you move away! You block Mennas's attack.
Mennas closely misses you.
Unknown command.
Mennas attacks as you move away!
Mennas hits you with a +1 sacred scourge of holy wrath!!
* * * LOW HITPOINT WARNING * * *
Mennas completely misses you. You block Mennas's attack.
Mennas hits you with a +1 sacred scourge of holy wrath!
* * * LOW HITPOINT WARNING * * *
Unknown command.
You feel much better. Mennas hits you but does no damage.
Mennas hits you with a +1 sacred scourge of holy wrath.
* * * LOW HITPOINT WARNING * * *
Unknown command.
Mennas completely misses you. You block Mennas's attack.
Aiming: Blinkbolt
Press: ? - help, Dir - move target You see nothing there to target!
Unknown command.
Mennas completely misses you. x2
There is an open door here.
Mennas attacks as you move away! You block Mennas's attack.
Mennas hits you but does no damage.
You feel much better. You block Mennas's attack. Mennas closely misses you.
Mennas hits you with a +1 sacred scourge of holy wrath!
* * * LOW HITPOINT WARNING * * *
Mennas hits you but does no damage. Mennas attacks as you move away!
Mennas completely misses you.
Mennas hits you with a +1 sacred scourge of holy wrath!
* * * LOW HITPOINT WARNING * * *
Mennas becomes audible again.
Mennas gestures frantically.
You are confused.
You see here a +0 scimitar.
Mennas hits you with a +1 sacred scourge of holy wrath!!
* * * LOW HITPOINT WARNING * * *
Mennas closely misses you.
There is an open door here.
You feel much better. Mennas barely misses you. x2
Mennas hits you with a +1 sacred scourge of holy wrath!!
* * * LOW HITPOINT WARNING * * *
Mennas hits you but does no damage.
Unknown command.
Mennas blocks your attack.
Your punch misses Mennas. Mennas misses you. Mennas completely misses you.
Unknown command.
You bump into the metal wall.
Mennas barely misses you.
Mennas hits you with a +1 sacred scourge of holy wrath.
* * * LOW HITPOINT WARNING * * *
Mennas hits you but does no damage. Mennas completely misses you.
Unknown command.
Unknown command.
You bump into the metal wall.
Your transformation is almost over.
Mennas hits you with a +1 sacred scourge of holy wrath.
* * * LOW HITPOINT WARNING * * *
Mennas barely misses you.
Your magical effects are unravelling.
You feel magically purged.
Your transformation has ended.
Your staff of air {!a} unmelds from your body.
Your +2 hat unmelds from your body.
Your +2 buckler unmelds from your body.
You feel yourself slow down.
You feel less confused.
Mennas hits you with a +1 sacred scourge of holy wrath!
* * * LOW HITPOINT WARNING * * *
You block Mennas's attack.
Mennas hits you with a +1 sacred scourge of holy wrath!!
You die...
Your body crumbles into a pile of gold.

Skill      XL: |  1  2  3  4  5  6  7  8  9 10 11 12 13 14 15 16 17 18 19 20 21 22 23 24 25 26 27 |
---------------+----------------------------------------------------------------------------------+-----
Summonings     | 5 6 7 8 9 10 11 13 14 | 14.0
Air Magic      | 1 2 3 4 5 7 9 12 14 16 | 16.0
Spellcasting   | 3 4 5 7 10 12 14 16 17 18 | 18.0
Fighting       | 3 7 10 12 14 15 16 17 18 19 20 21 | 21.0
Dodging        | 4 8 10 13 15 16 17 19 20 21 | 21.0
Conjurations   | 5 8 9 |  9.0
Transmutations | 5 10 12 14 16 | 16.0
Unarmed Combat | 4 7 11 14 16 18 20 21 | 21.0
Necromancy     | 7 10 | 10.0
Fire Magic     | 7 |  7.4
Translocations | 8 |  8.3
Evocations     | 6 |  6.2
Stealth        | |  2.6

Action                   |  1- 3 |  4- 6 |  7- 9 | 10-12 | 13-15 | 16-18 | 19-21 | 22-24 | 25-27 || total
-------------------------+-------+-------+-------+-------+-------+-------+-------+-------+-------++-------
Melee: Unarmed           |    52 |   123 |     1 |       |       |    20 |   643 |   823 |   667 ||  2329
       Tentacles         |    14 |    29 |     9 |    33 |   119 |    85 |     1 |       |       ||   290
       Constrict         |    15 |    36 |     8 |     8 |    93 |    40 |       |       |       ||   200
       Punch             |       |     1 |     1 |     3 |    10 |     3 |    40 |    99 |   111 ||   268
       Falchion          |       |       |    42 |    96 |   425 |   244 |     8 |       |       ||   815
       Tailslap          |       |       |       |       |       |       |       |       |     7 ||     7
       Bite              |       |       |       |       |       |       |       |       |     4 ||     4
 Cast: Summon Small Mamm |    29 |    70 |       |       |       |       |       |       |       ||    99
       Call Canine Famil |     2 |    37 |    30 |    54 |   150 |   125 |    22 |     3 |     1 ||   424
       Summon Lightning  |       |       |    31 |    77 |   180 |   183 |    51 |    25 |       ||   547
       Spellforged Servi |       |       |       |       |       |   101 |    46 |    30 |    12 ||   189
       Lightning Bolt    |       |       |       |       |       |     3 |       |       |       ||     3
       Storm Form        |       |       |       |       |       |     4 |    60 |    83 |    60 ||   207
       Wereblood         |       |       |       |       |       |       |    21 |    19 |    16 ||    56
       Death Channel     |       |       |       |       |       |       |       |       |    12 ||    12
       Dragon Form       |       |       |       |       |       |       |       |       |     4 ||     4
Invok: Call Merchant     |       |       |       |       |     4 |       |       |       |     3 ||     7
       Potion Petition   |       |       |       |       |       |     1 |     2 |     4 |       ||     7
       Bribe Branch      |       |       |       |       |       |       |       |       |     2 ||     2
 Abil: Blinkbolt         |       |       |       |       |       |     1 |     6 |     3 |       ||    10
       Breathe Fire      |       |       |       |       |       |       |       |       |     1 ||     1
Evoke: Wand              |       |       |       |     7 |     6 |     9 |     2 |     1 |     2 ||    27
       Tin of tremorston |       |       |       |       |     2 |     1 |       |       |       ||     3
       Phantom mirror    |       |       |       |       |       |       |       |       |     1 ||     1
  Use: Potion            |       |     1 |     2 |     1 |     9 |     6 |     1 |     2 |    11 ||    33
       Scroll            |       |       |    16 |     9 |    11 |     8 |     5 |     7 |     5 ||    61
 Stab: Sleeping          |     1 |     6 |     4 |     1 |     2 |       |       |       |       ||    14
       Distracted        |     1 |     1 |     3 |     3 |    19 |    14 |    14 |    19 |    19 ||    93
       Fleeing           |       |       |       |       |       |     1 |       |       |       ||     1
Armor: Skin              |     8 |    12 |    12 |    22 |   103 |    44 |    92 |   121 |    90 ||   504
Dodge: Dodged            |    35 |   103 |    33 |   151 |   736 |   474 |   704 |   874 |   640 ||  3750
Block: Buckler           |       |       |       |       |       |    87 |    12 |     2 |     1 ||   102
       Reflection        |       |       |       |       |       |    33 |    20 |     8 |     2 ||    63
       Other             |       |       |       |       |       |     4 |   136 |   126 |    92 ||   358

Levels and vault maps discovered:
D:1:      spicycebolla_arrival_clurvy, layout_rooms
D:2:      layout_basic, basic_altar, minmay_tetromino_l2
D:3:      layout_loops_cross, old_standard_altar, uniq_natasha
D:4:      layout_loops_ring, lightli_sewer_entry_pipes
D:5:      layout_basic, nicolae_dithmenos_shadow_blocks,
          minmay_stone_trees_medium
D:6:      layout_basic, minmay_temple_entry_hall, serial_shops,
          nicolae_stop_n_shop_2, uniq_pikel
D:7:      layout_rooms, kennysheep_generic_room_14, uniq_maggie
D:8:      layout_loops_cross, lair_entry_dummy, worms_lemuel
D:9:      layout_basic, lemuel_coloured_pillars_altar, david_orc_2,
          kennysheep_generic_room_6, uniq_erolcha
D:10:     layout_stronghold, mainiacjoe_overflow_catwalk_spiral, serial_shops,
          nicolae_shop_hallway_plus, lightli_minifort
D:11:     layout_basic, ebering_ghost_inner_flame
D:12:     minmay_connected_triangles_in_corner, layout_gridville, uniq_rupert
D:13:     layout_gridville, david_vaults_4, minmay_guarded_unrand_zonguldrok
D:14:     layout_rooms, hangedman_decor_clover_reticule, serial_shops,
          nicolae_shop_statue_plus, portal_ice_cave_entry_pillars_four,
          dk_noncrumbling_3
D:15:     gammafunk_depths_entry_grave, layout_grid_maze
Temple:   sentei_temple_godly_chess
Lair:1:   minmay_lair_venomous_thicket, layout_regular_city
Lair:2:   layout_hall_layers, minmay_swamp_entry_reptiles,
          guppyfry_snake_entry_garden, grunt_megastairs_1,
          infiniplex_staircase_pool, serial_bayou_shore_b
Lair:3:   nzn_winding_woodlands_three_and_one
          [nzn_winding_woodlands_5x15_longhouse,
          nzn_winding_woodlands_5x15_jagged,
          nzn_winding_woodlands_5x15_pathside_ponds,
          nzn_winding_woodlands_center_pierced_h], layout_chaotic_city,
          grunt_megastairs_5, lemuel_fruit_fields, serial_bayou_shore_b
Lair:4:   layout_cave_pods, slime_entry_1, enter_volcano_1
Lair:5:   hangedman_lair_tendril_chambers, layout_cave_shapes,
          hangedman_lair_caniforms_friends, basic_altar
Swamp:1:  layout_basic_swamp, gammafunk_ghost_berserking_beasts,
          hangedman_swamp_ruin_wall, swamp_pool4,
          nicolae_swamp_oklob_treasure_island
Swamp:2:  layout_basic_swamp, evilmike_swamp_ruin_house_2, swamp_pool5,
          nicolae_swamp_dense_foliage
Swamp:3:  layout_falls_marsh, evilmike_swamp_ruin_rubble_2
Swamp:4:  swamp_basic_johnstein, layout_basic_swamp
Snake:1:  layout_onion_interference, serial_shops, nicolae_shop_trees,
          uniq_roxanne, uniq_asterion
Snake:2:  layout_chambers, serial_shops, shop, gammafunk_ghost_cemetery,
          grunt_ministairs_1, lemuel_fruit_tree
Snake:3:  layout_layer_cave, serial_shops, nicolae_square_shop,
          grunt_megastairs_2
Snake:4:  grunt_snake_rune_spirals, layout_onion, grunt_ministairs_6,
          serial_nicolae_subway, nicolae_sub_station_metal,
          nicolae_sub_station_crystal, nicolae_sub_station_stone, uniq_vashnia,
          uniq_louise
Slime:1:  layout_caves, cheibrodos_slime_lost_civilization_5
Slime:2:  layout_caves, uniq_dissolution
Slime:3:  layout_caves
Slime:4:  layout_caves
Slime:5
Orc:1:    layout_caves, serial_shops, shop, uniq_jorgrun
Orc:2:    kennysheep_orc_mage_school, layout_diamond_mine, serial_shops,
          nicolae_shop_bloodbath_and_beyond, nicolae_shop_statue_plus,
          nicolae_shop_trees, minmay_orc_barracks
Elf:1:    minmay_elf_arrival_summoners, layout_geoelf_diagonals,
          minmay_elf_crystal_heptagon, st_stairs_2, grunt_ministairs_9,
          uniq_zenata, uniq_kirke
Elf:2:    nicolae_elf_blades_splatter_lattice
          [nicolae_blade_entry_floor_patterns], layout_geoelf_grid
Elf:3:    minmay_elf_hall_circle, layout_geoelf_octagon
Vaults:1: nicolae_vaults_diagonal_hallway_7, v_rooms_2, vaults_room_pool,
          vaults_room_fours, vaults_mumra_chevron,
          minmay_guarded_unrand_secular_launcher, v_misc_2, v_misc_31,
          nicolae_vaults_ring_of_whatevers, vaults_room_corners,
          vaults_room_grunt_arrival_ludios, layout_vaults_omnigrid
Vaults:2: gammafunk_ghost_necromancy, hangedman_vaults_variations, v_pattern_2,
          hangedman_vaults_slice, grunt_vaults_bifocal,
          nicolae_vaults_little_squares_1, vaults_mumra_minichess_inversion,
          ontoclasm_vaults_ligature, minmay_crypt_entry_simple_round,
          vaults_dpeg_encased_lava, layout_vaults_ring, serial_shops,
          bzr_entry_water
Vaults:3: v_misc_5, ontoclasm_vaults_claustrophobia, vaults_room_stairs_pillars,
          nicolae_vaults_yaktaur_gun_rack, vaults_dpeg_diagonal, v_misc_19,
          ontoclasm_vaults_spin, vaults_room_ringed_pool,
          hangedman_vaults_pinch, v_misc_33, nicolae_vaults_circle_grid_b,
          ontoclasm_vaults_loading_screen, v_misc_3, nicolae_vaults_rhombus_7,
          layout_vaults_omnibox, serial_shops, shop, uniq_aizul
Vaults:4: ontoclasm_vaults_fault, v_rooms_1, v_misc_8,
          nicolae_vaults_network_quinsquares
          [nicolae_vaults_network_quincunx_subvault,
          nicolae_vaults_network_quincunx_subvault,
          nicolae_vaults_network_quincunx_subvault,
          nicolae_vaults_network_quincunx_subvault],
          nicolae_vaults_shelves_hall, v_misc_19, grunt_vaults_hallway_short,
          vaults_mumra_hex, nicolae_vaults_circle_grid_b, v_misc_8, v_misc_14,
          nicolae_vaults_border_crossing, hangedman_vaults_impose, v_misc_4,
          layout_vaults_maze
Vaults:5: uniq_mennas, uniq_boris
Crypt:1:  gammafunk_sealed_library, layout_basic, mu_enter_wizlab_7,
          gammafunk_ghost_spectres, uniq_khufu
Depths:1: layout_twisted_cross, rand_demon_pan_entry_4,
          ashenzari_conservatory_becter, hell_entry, xom_teletrap_fun,
          roderic_lattice_octagonal_star
Depths:2: minmay_skeleton_keep, layout_cave_shapes, pf_coc_iceberg,
          serial_column_ruins, column_ruins_grid_1,
          column_ruins_open_small_water, column_ruins_columns_straight,
          column_ruins_columns_dead_end, column_ruins_grid_1,
          column_ruins_columns_straight, nemelex_diamond_rough_becter,
          grunt_pan_entry_sceptre, minmay_fire_ice_demons, uniq_nikola,
          uniq_grunn
Depths:3: minmay_spriggan_fort, layout_basic, rand_demon_pan_entry_8,
          pf_hell_entry_tar_spiral, nicolae_titane, abyss_entry,
          serial_bayou_shore_b
Depths:4: evilmike_zot_entry_argh, layout_cave_shapes, enter_ziggurat_f,
          pf_vacation_house_of_asmodeus, serial_shops, shop,
          nicolae_uskayaw_suspiria
Hell
Zot:1:    hellmonk_paralyzer, layout_gridlike, ebering_ghost_xom
Zot:2:    kennysheep_ambush_hall, layout_basic, hangedman_zot_decor_checkerboard
Zot:3:    layout_onion_interference
Zot:4:    kennysheep_spiral_hall, layout_misc_corridors
Zot:5:    layout_cellular_growth

Notes
Turn   | Place    | Note
-------+----------+-------------------------------------------
     0 | D:1      | TheCowGoesMoo the Octopode Summoner began the quest for the
                  | Orb.
     0 | D:1      | Reached XP level 1. HP: 11/11 MP: 3/3
    69 | D:1      | Reached XP level 2. HP: 16/17 MP: 1/5
    89 | D:1      | HP: 3/17 [gnoll/+0 spear (4)]
   277 | D:1      | Reached XP level 3. HP: 16/21 MP: 3/6
   288 | D:1      | Reached skill level 5 in Summonings
   758 | D:1      | Learned a level 3 spell: Call Canine Familiar
  1008 | D:2      | Found an ornate altar of the Wu Jian Council.
  1068 | D:2      | Reached XP level 4. HP: 27/27 MP: 4/7
  1672 | D:3      | Noticed Natasha
  1684 | D:3      | Killed Natasha
  1685 | D:3      | Reached skill level 1 in Air Magic
  2262 | D:3      | Noticed Natasha
  2275 | D:3      | Killed Natasha
  2276 | D:3      | Reached XP level 5. HP: 31/31 MP: 3/8
  2360 | D:3      | Noticed Natasha
  2418 | D:3      | Killed Natasha
  2518 | D:3      | Found a glowing golden altar of the Shining One.
  2539 | D:3      | Reached skill level 6 in Summonings
  2903 | D:3      | Learned a level 4 spell: Summon Lightning Spire
  2945 | D:4      | Reached skill level 2 in Air Magic
  3065 | D:4      | Reached skill level 3 in Spellcasting
  3065 | D:4      | Reached XP level 6. HP: 36/36 MP: 5/10
  3282 | D:4      | Found a glowing drain.
  3289 | Sewer    | Entered a sewer
  4151 | Sewer    | HP: 7/36 [bullfrog (6)]
  4153 | Sewer    | Reached skill level 3 in Air Magic
  4153 | Sewer    | Reached XP level 7. HP: 8/41 MP: 12/12
  4158 | Sewer    | Identified the +11 falchion "Xasigare" {vorpal, Dex+3}
  4161 | Sewer    | HP: 4/41 [bullfrog (6)]
  4499 | Sewer    | You pick up a book of Spatial Translocations and begin
                  | reading...
  4499 | Sewer    | You add the spells Blink, Momentum Strike and Lesser
                  | Beckoning to your library.
  4633 | D:4      | Reached skill level 4 in Spellcasting
  4688 | D:4      | Reached skill level 7 in Summonings
  4992 | D:4      | You pick up a book of Storms and begin reading...
  4992 | D:4      | You add the spells Airstrike and Lightning Bolt to your
                  | library.
  5294 | D:5      | Entered Level 5 of the Dungeon
  5309 | D:5      | Reached skill level 4 in Air Magic
  5367 | D:5      | Reached XP level 8. HP: 46/46 MP: 14/14
  5369 | D:5      | You pick up a book of Conjurations and begin reading...
  5369 | D:5      | You add the spells Magic Dart, Searing Ray and Fulminant
                  | Prism to your library.
  5651 | D:5      | Identified the ring "Wedecaes" {Contam rF+ rC+ EV+4 Str+2}
  5765 | D:5      | Found a shadowy altar of Dithmenos.
  5775 | D:5      | Reached skill level 5 in Spellcasting
  6177 | D:6      | Found Nymuni Huom's General Store.
  6197 | D:6      | Reached skill level 5 in Air Magic
  6522 | D:6      | Reached skill level 8 in Summonings
  6599 | D:6      | Found a staircase to the Ecumenical Temple.
  6609 | Temple   | Entered the Ecumenical Temple
  6617 | Temple   | Became a worshipper of Gozag Ym Sagoz the Greedy
  6683 | D:6      | Reached XP level 9. HP: 40/51 MP: 17/17
  6720 | D:6      | Noticed Pikel
  6732 | D:6      | Killed Pikel
  6733 | D:6      | Reached skill level 6 in Spellcasting
  6733 | D:6      | Reached skill level 6 in Air Magic
  6819 | D:6      | Identified the +1 robe "Eheil" {rPois Dex+2 Stlth+}
  7537 | D:7      | You pick up a book of Lightning and begin reading...
  7537 | D:7      | You add the spells Static Discharge, Vhi's Electric Charge
                  | and Arcjolt to your library.
  7553 | D:7      | Noticed Maggie
  7567 | D:7      | Killed Maggie
  7633 | D:7      | Reached skill level 9 in Summonings
  7712 | D:7      | Reached skill level 7 in Air Magic
  7716 | D:7      | Reached skill level 7 in Spellcasting
  8245 | D:8      | Reached XP level 10. HP: 54/56 MP: 21/21
  8254 | D:8      | Reached skill level 10 in Summonings
  8255 | D:8      | Reached skill level 8 in Spellcasting
  8615 | D:8      | Reached skill level 9 in Spellcasting
  8855 | D:8      | Noticed a centaur warrior
  8865 | D:8      | Killed a centaur warrior
  8866 | D:8      | Reached skill level 10 in Spellcasting
  8942 | D:8      | Found a staircase to the Lair.
  9043 | D:8      | Reached skill level 1 in Fighting
  9161 | D:8      | You pick up a book of the Senses and begin reading...
  9161 | D:8      | You add the spells Dazzling Flash, Agony and Silence to
                  | your library.
  9359 | D:9      | Noticed a kobold demonologist
  9359 | D:9      | Noticed a kobold demonologist
  9364 | D:9      | Noticed a soul eater
  9366 | D:9      | Killed a kobold demonologist
  9367 | D:9      | Reached skill level 2 in Fighting
  9367 | D:9      | Reached skill level 3 in Dodging
  9370 | D:9      | Killed a kobold demonologist
  9371 | D:9      | Reached skill level 3 in Fighting
  9450 | D:9      | Reached skill level 4 in Dodging
  9450 | D:9      | Reached XP level 11. HP: 67/67 MP: 25/25
  9459 | D:9      | Reached skill level 4 in Fighting
  9475 | D:9      | Reached skill level 5 in Dodging
  9611 | D:9      | Found a sacrificial altar of Ru.
  9750 | D:9      | Found a staircase to the Orcish Mines.
  9899 | D:9      | HP: 10/70 [electric eel/bolt of electricity (11)]
 10171 | D:9      | Noticed Erolcha
 10181 | D:9      | Killed Erolcha
 10182 | D:9      | Reached skill level 5 in Fighting
 10384 | D:9      | You pick up a book of Necromancy and begin reading...
 10384 | D:9      | You add the spells Necrotise and Vampiric Draining to your
                  | library.
 10634 | D:10     | Entered Level 10 of the Dungeon
 10656 | D:10     | Reached skill level 6 in Dodging
 10745 | D:10     | Found Suehok's General Store.
 10750 | D:10     | Bought a scroll of teleportation for 42 gold pieces
 10827 | D:10     | Found an ancient bone altar of Kikubaaqudgha.
 10841 | D:10     | Found a stormy altar of Qazlal.
 10872 | D:10     | Reached skill level 6 in Fighting
 11038 | D:10     | Noticed a cyclops
 11046 | D:10     | Killed a cyclops
 11980 | D:11     | Noticed a manticore
 11988 | D:11     | Killed a manticore
 11989 | D:11     | Reached skill level 7 in Dodging
 12318 | D:11     | You add the spells Sting, Poisonous Vapours and Olgreb's
                  | Toxic Radiance to your library.
 12327 | D:11     | Found a runed translucent door.
 12329 | D:11     | Noticed MirrMurr's ghost (journeyman SpHu)
 12456 | D:11     | Reached skill level 7 in Fighting
 12591 | D:11     | You pick up a book of Flames and begin reading...
 12591 | D:11     | You add the spells Inner Flame, Sticky Flame and Flame Wave
                  | to your library.
 12911 | D:12     | Noticed a cyclops
 12922 | D:12     | Killed a cyclops
 12923 | D:12     | Reached skill level 8 in Dodging
 12923 | D:12     | Reached XP level 12. HP: 81/81 MP: 25/26
 13160 | D:12     | Reached skill level 8 in Fighting
 13310 | D:12     | You pick up a book of Weapons and begin reading...
 13310 | D:12     | You add the spells Tukima's Dance, Portal Projectile and
                  | Blade Hands to your library.
 13387 | D:12     | Reached skill level 9 in Dodging
 13582 | D:12     | You fall into a shaft and drop 2 floors!
 13616 | D:14     | Found Kor Ytanesk's Magic Scroll Boutique.
 13696 | D:14     | Noticed a six-headed hydra
 13714 | D:14     | Killed a six-headed hydra
 13715 | D:14     | Reached skill level 9 in Fighting
 13810 | D:14     | Bought a scroll of amnesia for 76 gold pieces
 13810 | D:14     | Bought a scroll of amnesia for 76 gold pieces
 13865 | D:14     | Noticed a centaur warrior
 13874 | D:14     | Killed a centaur warrior
 13893 | D:13     | Noticed an eight-headed hydra
 13903 | D:13     | Killed an eight-headed hydra
 14001 | D:13     | Noticed a catoblepas
 14018 | D:13     | Killed a catoblepas
 14047 | D:13     | Reached skill level 10 in Dodging
 14251 | D:12     | Noticed Rupert
 14280 | D:12     | Killed Rupert
 14281 | D:12     | Reached skill level 10 in Fighting
 14548 | D:12     | Noticed a two-headed ogre
 14554 | D:12     | Killed a two-headed ogre
 15184 | Lair:1   | Entered Level 1 of the Lair of Beasts
 15193 | Lair:1   | Reached XP level 13. HP: 93/93 MP: 27/27
 15208 | Lair:1   | Reached skill level 11 in Dodging
 15325 | Lair:1   | You pick up a book of the Warp and begin reading...
 15325 | Lair:1   | You add the spells Manifold Assault, Dispersal and
                  | Disjunction to your library.
 15572 | Lair:1   | You pick up a book of Party Tricks and begin reading...
 15572 | Lair:1   | You add the spells Apportation and Alistair's Intoxication
                  | to your library.
 15732 | Lair:1   | Reached skill level 11 in Fighting
 16565 | Lair:2   | Found a staircase to the Swamp.
 16594 | Lair:2   | Reached skill level 12 in Dodging
 17118 | Lair:2   | Reached skill level 12 in Fighting
 17391 | Lair:2   | Found a staircase to the Snake Pit.
 18483 | Lair:3   | Reached skill level 13 in Dodging
 18730 | Lair:3   | Reached XP level 14. HP: 104/104 MP: 28/28
 18855 | Lair:3   | Reached skill level 13 in Fighting
 19676 | Lair:3   | HP: 26/106 [seven-headed hydra (4)]
 19923 | Lair:3   | You pick up a book of Minor Magic and begin reading...
 20257 | D:12     | Bought an Inescapable Atlas for 544 gold pieces
 20265 | D:12     | Learned a level 7 spell: Storm Form
 20987 | Lair:4   | Found a staircase to the Slime Pits.
 20996 | Lair:4   | You add the spells Kindle Blastsparks, Ignite Poison and
                  | Freezing Cloud to your library.
 21003 | Lair:4   | Found a viscous altar of Jiyva.
 21133 | Lair:4   | Found a dark tunnel.
 21649 | Lair:5   | Entered Level 5 of the Lair of Beasts
 21816 | Lair:5   | Reached skill level 14 in Dodging
 22074 | Lair:5   | Found a blossoming altar of Fedhas.
 22086 | Lair:5   | Reached skill level 14 in Fighting
 23369 | Lair:5   | Reached skill level 15 in Dodging
 23726 | Lair:5   | Reached XP level 15. HP: 84/114 MP: 29/29
 23734 | Lair:5   | Reached skill level 15 in Fighting
 24996 | Lair:5   | Reached skill level 16 in Dodging
 25361 | Orc:1    | Entered Level 1 of the Orcish Mines
 25531 | Orc:2    | Entered Level 2 of the Orcish Mines
 25618 | Orc:2    | Found a staircase to the Elven Halls.
 25641 | Orc:2    | Found Sunemmou's Weapon Boutique.
 25709 | Orc:2    | Reached skill level 1 in Conjurations
 25829 | Orc:2    | Found a radiant altar of Vehumet.
 25834 | Orc:2    | Found Fixaogock's Antique Weapon Shoppe.
 25849 | Orc:2    | Noticed Nergalle
 25881 | Orc:2    | Killed Nergalle
 25882 | Orc:2    | Reached skill level 2 in Conjurations
 25987 | Orc:2    | Found Rec Moiv's Magic Scroll Shoppe.
 25988 | Orc:2    | Found Irche's Jewellery Emporium.
 26027 | Orc:2    | Found Qideis's Jewellery Emporium.
 26030 | Orc:2    | Bought a scroll of fear for 40 gold pieces
 26030 | Orc:2    | Bought a scroll of summoning for 95 gold pieces
 26070 | Orc:2    | Found an ancient bone altar of Kikubaaqudgha.
 26136 | Orc:2    | Found Hiyh's Magic Scroll Emporium.
 26226 | Orc:2    | Bought a scroll of fear for 56 gold pieces
 26226 | Orc:2    | Bought 3 scrolls of summoning for 399 gold pieces
 26498 | Orc:2    | Reached skill level 3 in Conjurations
 27046 | Orc:2    | Found Wushrycs's Antique Weapon Boutique.
 27570 | Orc:1    | Noticed Jorgrun
 27587 | Orc:1    | HP: 28/116 [Jorgrun/+0 vorpal quarterstaff (7)]
 27588 | Orc:1    | HP: 12/116 [constriction (5)]
 27598 | Orc:1    | HP: 29/116 [constriction (14)]
 27601 | Orc:1    | Killed Jorgrun
 27818 | Orc:1    | Found Amutept's Distillery.
 27853 | Orc:1    | Bought a potion of mutation for 128 gold pieces
 27853 | Orc:1    | Bought a potion of curing for 48 gold pieces
 27853 | Orc:1    | Bought a potion of curing for 48 gold pieces
 27853 | Orc:1    | Bought a potion of magic for 128 gold pieces
 28445 | D:13     | Reached skill level 4 in Conjurations
 28785 | D:13     | Reached skill level 11 in Summonings
 28887 | D:13     | Found the +9 sword of Zonguldrok {reap}
 28887 | D:13     | Noticed a bone dragon
 28898 | D:13     | HP: 24/116 [bone dragon (14)]
 29384 | D:13     | Found a gate to the Vaults.
 29879 | D:13     | Killed a bone dragon
 29880 | D:13     | Reached skill level 5 in Conjurations
 30020 | D:14     | You pick up a book of Burglary and begin reading...
 30020 | D:14     | You add the spells Passwall, Ensorcelled Hibernation and
                  | Swiftness to your library.
 30043 | D:14     | Reached XP level 16. HP: 103/122 MP: 30/30
 30356 | D:14     | Reached skill level 17 in Dodging
 30427 | D:14     | Reached skill level 6 in Conjurations
 30622 | D:14     | Got Sif Muna's Verses on Searing Elsewhere
 30681 | D:15     | Entered Level 15 of the Dungeon
 31767 | D:15     | Reached skill level 12 in Summonings
 31881 | D:15     | Found a staircase to the Depths.
 32220 | D:15     | Reached skill level 7 in Conjurations
 32672 | D:15     | You pick up a book of Changes and begin reading...
 32672 | D:15     | You add the spells Beastly Appendage, Wereblood and Spider
                  | Form to your library.
 32688 | D:15     | You pick up a book of Touch and begin reading...
 32688 | D:15     | You add the spells Kiss of Death, Confusing Touch and
                  | Dispel Undead to your library.
 32768 | D:15     | Identified the +5 trident "Ycweesk" {holy, Will- Str+2
                  | Dex+8 Stlth+}
 33161 | Lair:1   | Upgraded the game from 0.30-a0-533-g4794bfbd1c to
                  | 0.30-a0-540-g0af01429fa
 33339 | Orc:2    | Bought the ring "Sacolesu" {rPois rF- Str-2 Int+8 Dex+6}
                  | for 792 gold pieces
 33339 | Orc:2    | Bought the ring "Ybidan" {rPois Will+ Str+6 Int+4 Stlth-}
                  | for 897 gold pieces
 34007 | Swamp:1  | Entered Level 1 of the Swamp
 34869 | Swamp:1  | HP: 10/122 [goliath frog (24)]
 34869 | Swamp:1  | HP: 1/122 [acid (9)]
 34882 | Swamp:1  | HP: 28/122 [spriggan rider/+0 spear of freezing (12)]
 35235 | D:12     | Bought a book of Dangerous Friends for 640 gold pieces
 35235 | D:12     | You pick up a book of Dangerous Friends and begin
                  | reading...
 35235 | D:12     | You add the spells Orb of Destruction and Spellforged
                  | Servitor to your library.
 35243 | D:12     | Learned a level 7 spell: Spellforged Servitor
 35381 | D:12     | Learned a level 5 spell: Lightning Bolt
 35536 | Swamp:1  | Found a transporter.
 35540 | Swamp:1  | Noticed Torious's ghost (journeyman DECj)
 36235 | Swamp:1  | Found a transporter.
 36440 | Swamp:2  | Reached skill level 8 in Conjurations
 36482 | Swamp:2  | Noticed a thorn hunter
 36492 | Swamp:2  | Killed a thorn hunter
 36700 | Swamp:2  | Reached skill level 13 in Summonings
 37133 | Swamp:2  | Identified the +1 leather armour "Siodghor" {Rampage rCorr
                  | Str+3}
 37154 | Swamp:2  | Reached XP level 17. HP: 127/127 MP: 11/31
 37156 | Swamp:2  | Reached skill level 18 in Dodging
 37712 | Swamp:3  | Reached skill level 9 in Conjurations
 38452 | Swamp:4  | Entered Level 4 of the Swamp
 38717 | Swamp:4  | Noticed a tentacled monstrosity
 38727 | Swamp:4  | Killed a tentacled monstrosity
 38746 | Swamp:4  | Reached skill level 14 in Summonings
 39235 | Swamp:4  | Reached skill level 19 in Dodging
 39397 | Swamp:4  | Reached skill level 1 in Transmutations
 39405 | Swamp:4  | Noticed a tentacled monstrosity
 39411 | Swamp:4  | Reached skill level 2 in Transmutations
 39588 | Swamp:4  | Killed a tentacled monstrosity
 39763 | Swamp:4  | Reached skill level 3 in Transmutations
 40101 | Swamp:4  | Reached skill level 8 in Air Magic
 40518 | Swamp:4  | Reached skill level 4 in Transmutations
 40691 | Swamp:4  | Got a decaying rune of Zot
 41189 | D:12     | Bought the amulet "Fyicyeck" {Reflect Int+3 SH+5} for 649
                  | gold pieces
 41388 | Snake:1  | Entered Level 1 of the Snake Pit
 41490 | Snake:1  | Reached skill level 5 in Transmutations
 41494 | Snake:1  | HP: 27/127 [naga sharpshooter/bolt (25)]
 41778 | Snake:1  | Noticed Asterion
 41793 | Snake:1  | Killed Asterion
 41794 | Snake:1  | Reached skill level 9 in Air Magic
 41794 | Snake:1  | Reached XP level 18. HP: 108/134 MP: 4/32
 42085 | Snake:1  | Identified Roxanne's Octavo of the Geologist
 42085 | Snake:1  | Noticed Roxanne
 42216 | Snake:1  | You pick up a book of Debilitation and begin reading...
 42256 | Snake:1  | Found Yrasolini's Magic Scroll Shop.
 42264 | Snake:1  | Bought a scroll of acquirement for 624 gold pieces
 42264 | Snake:1  | Bought a scroll of fear for 48 gold pieces
 42264 | Snake:1  | Bought a scroll of blinking for 90 gold pieces
 42264 | Snake:1  | Bought a scroll of teleportation for 36 gold pieces
 42852 | Snake:1  | Acquired 769 gold pieces
 42887 | Snake:1  | Killed Roxanne
 42892 | Snake:1  | You add the spells Borgnjor's Vile Clutch, Statue Form and
                  | Lehudib's Crystal Spear to your library.
 43261 | Snake:2  | Reached skill level 6 in Transmutations
 43710 | Snake:2  | Reached skill level 10 in Air Magic
 43806 | Snake:2  | Reached skill level 7 in Transmutations
 44058 | Snake:2  | Found Fiokleovu's General Store.
 44066 | Snake:2  | Bought a potion of haste for 170 gold pieces
 44515 | Snake:2  | a +0 war axe; quicksilver dragon scales {rare}
 44762 | Snake:2  | Found a runed translucent gate.
 44762 | Snake:2  | Found a runed translucent gate.
 44762 | Snake:2  | Found a runed translucent gate.
 44762 | Snake:2  | Noticed Tuffe's ghost (adept FoFi)
 44762 | Snake:2  | Noticed Sokuv's ghost (adept DECj)
 44762 | Snake:2  | Noticed Nys Cevy's ghost (adept TrFi)
 44767 | Snake:2  | Noticed Dittersdorf's ghost (adept MiBe)
 44768 | Snake:2  | Noticed Xitaol's ghost (adept SpEn)
 45121 | Snake:2  | Found the +8 arc blade {discharge, rElec}
 45487 | Snake:3  | Reached skill level 8 in Transmutations
 45905 | Snake:3  | Reached skill level 11 in Air Magic
 46114 | Snake:3  | You pick up a book of Alchemy and begin reading...
 46114 | Snake:3  | You add the spells Sublimation of Blood, Petrify and
                  | Irradiate to your library.
 46558 | Snake:3  | Found Kizum's Assorted Antiques.
 46915 | Snake:4  | Entered Level 4 of the Snake Pit
 47211 | Snake:4  | Found a transporter.
 47215 | Snake:4  | Found a transporter.
 47470 | Snake:4  | Found a transporter.
 47474 | Snake:4  | Found a transporter.
 47519 | Snake:4  | Noticed Louise
 47546 | Snake:4  | Reached skill level 9 in Transmutations
 47547 | Snake:4  | Killed Louise
 47721 | Snake:4  | Found a transporter.
 47721 | Snake:4  | Found a transporter.
 48299 | Snake:4  | Noticed Vashnia
 49009 | Snake:4  | Reached skill level 12 in Air Magic
 49095 | Snake:4  | Killed Vashnia
 49096 | Snake:4  | Reached skill level 10 in Transmutations
 49272 | Snake:4  | Reached XP level 19. HP: 135/139 MP: 19/33
 49816 | Snake:4  | Reached skill level 1 in Unarmed Combat
 49989 | Snake:4  | Got a serpentine rune of Zot
 50446 | Snake:4  | Reached skill level 2 in Unarmed Combat
 50530 | Snake:4  | Reached skill level 11 in Transmutations
 50538 | Snake:4  | Reached skill level 13 in Air Magic
 51150 | Elf:1    | Entered Level 1 of the Elven Halls
 51313 | Elf:1    | Noticed Kirke
 51320 | Elf:1    | Killed Kirke
 51419 | Elf:1    | Reached skill level 3 in Unarmed Combat
 51890 | Elf:1    | Identified the +4 mace "Etetal" {venom, Str+4 Int+2} (You
                  | took it off a deep elf zephyrmancer on level 1 of the Elven
                  | Halls)
 52175 | Elf:1    | Noticed Zenata
 52181 | Elf:1    | Reached skill level 4 in Unarmed Combat
 52199 | Elf:1    | HP: 5/139 [Zenata/a resonance strike (54)]
 52466 | Elf:1    | Reached skill level 12 in Transmutations
 52759 | Elf:1    | Reached skill level 14 in Air Magic
 53361 | Elf:1    | Learned a level 2 spell: Wereblood
 53364 | Elf:1    | Learned a level 2 spell: Blink
 53628 | Vaults:1 | Entered Level 1 of the Vaults
 53686 | Vaults:1 | Reached XP level 20. HP: 129/145 MP: 16/34
 53688 | Vaults:1 | Reached skill level 5 in Unarmed Combat
 54025 | Vaults:1 | Reached skill level 13 in Transmutations
 54140 | Vaults:1 | Identified the ring of Vaze {Fire Str+4 Int+4}
 54195 | Vaults:1 | Reached skill level 15 in Air Magic
 54198 | Vaults:1 | Reached skill level 6 in Unarmed Combat
 54500 | Vaults:1 | Found the +8 storm bow {elec, penet}
 55702 | Vaults:2 | Reached skill level 14 in Transmutations
 55746 | Vaults:2 | Found a flickering gateway to a bazaar.
 55759 | Bazaar   | Entered a bazaar
 55825 | Bazaar   | Found Sodwaqeth's Armour Emporium.
 55834 | Bazaar   | Found Icolail's Weapon Boutique.
 55834 | Bazaar   | Found Amuenup's Weapon Boutique.
 55850 | Bazaar   | Found Ykhuruuv's Assorted Antiques.
 55858 | Bazaar   | Bought a scroll of enchant armour for 142 gold pieces
 55858 | Bazaar   | Bought a leather armour for 38 gold pieces
 56010 | Vaults:2 | Found a staircase to the Crypt.
 56245 | Vaults:2 | Reached skill level 7 in Unarmed Combat
 56486 | Vaults:2 | You pick up a book of Geomancy and begin reading...
 56486 | Vaults:2 | You add the spells Sandblast and Stone Arrow to your
                  | library.
 56657 | Vaults:2 | Reached skill level 16 in Air Magic
 56764 | Vaults:2 | Found a runed translucent gate.
 56764 | Vaults:2 | Found a runed translucent gate.
 56764 | Vaults:2 | Found a runed translucent gate.
 57182 | Vaults:2 | Noticed Fypuno Aqar's ghost (adept DEFE)
 57323 | Vaults:3 | Found Koremic's Assorted Antiques.
 57360 | Vaults:3 | Reached XP level 21. HP: 151/151 MP: 33/35
 57787 | Vaults:3 | Identified the +5 arbalest of Niezodghuzy {drain, rF+
                  | Str+2}
 57809 | Vaults:3 | Reached skill level 15 in Transmutations
 57998 | Vaults:3 | Reached skill level 8 in Unarmed Combat
 58725 | Vaults:3 | Noticed Aizul
 58732 | Vaults:3 | Killed Aizul
 58829 | Vaults:3 | Identified the +1 robe "Itorruog" {rN+}
 59470 | Vaults:4 | Reached skill level 16 in Transmutations
 59472 | Vaults:4 | Reached skill level 9 in Unarmed Combat
 59502 | Vaults:4 | Reached skill level 10 in Unarmed Combat
 60091 | Vaults:4 | Reached skill level 11 in Unarmed Combat
 60997 | D:11     | Killed MirrMurr's ghost
 60999 | D:11     | Found the +7 great mace "Undeadhunter" {disrupt, rN+}
 61252 | Swamp:1  | HP: 27/152 [goliath frog (18)]
 61252 | Swamp:1  | HP: 4/152 [alligator (16)]
 61318 | Swamp:1  | Killed Torious's ghost
 61319 | Swamp:1  | Reached XP level 22. HP: 66/158 MP: 10/36
 61320 | Swamp:1  | Got the Verses on Ashen Interference
 61520 | Swamp:1  | Identified the +0 cloak of Resilience {Dex-5 Slay+3 Stlth+}
 61669 | Snake:2  | Killed Nys Cevy's ghost
 61672 | Snake:2  | Killed Xitaol's ghost
 61673 | Snake:2  | Killed Sokuv's ghost
 61674 | Snake:2  | Killed Dittersdorf's ghost
 61679 | Snake:2  | Killed Tuffe's ghost
 62638 | Crypt:1  | Entered Level 1 of the Crypt
 62680 | Crypt:1  | Found a magical portal.
 62683 | WizLab   | Entered Alistair's Party Mansion
 62782 | WizLab   | Reached skill level 12 in Unarmed Combat
 62898 | WizLab   | Noticed a golden dragon
 62899 | WizLab   | Noticed a golden dragon
 62941 | WizLab   | HP: 12/159 [war gargoyle/spray of metal splinters[a
                  | demonspawn corrupter] (29)]
 62947 | WizLab   | HP: 26/159 [demonspawn corrupter/+0 great sword (16)]
 63359 | WizLab   | You pick up a book of Air and begin reading...
 63971 | Vaults:2 | Killed Fypuno Aqar's ghost
 64339 | Elf:1    | Killed Zenata
 64538 | Elf:2    | Reached skill level 11 in Spellcasting
 65080 | Elf:2    | Found a runed translucent gate.
 65080 | Elf:2    | Found a runed translucent gate.
 65080 | Elf:2    | Found a runed translucent gate.
 65191 | Elf:2    | Reached skill level 16 in Fighting
 65207 | Elf:2    | Reached skill level 13 in Unarmed Combat
 65684 | Elf:2    | Acquired 1083 gold pieces
 65690 | Elf:3    | Entered Level 3 of the Elven Halls
 66458 | Elf:3    | Reached skill level 12 in Spellcasting
 66578 | Elf:3    | Reached skill level 20 in Dodging
 66805 | Elf:3    | Identified the +3 battleaxe "Voanex" {vorpal, rElec}
 66852 | Elf:3    | Identified the ring of Ucoanyegh {Fire rElec rN+ Str+3
                  | Dex+2}
 67014 | Elf:3    | Identified the +11 flail "Sejoez" {distort, Str+2}
 67014 | Elf:3    | Identified the +1 leather armour of Dogma {rN+}
 67054 | Elf:3    | Reached skill level 14 in Unarmed Combat
 67054 | Elf:3    | Reached XP level 23. HP: 161/166 MP: 39/39
 67167 | Elf:3    | Got the Atlas of Changing and the Legion
 67170 | Elf:3    | You pick up a book of Power and begin reading...
 67170 | Elf:3    | You add the spells Iskenderun's Battlesphere and Iron Shot
                  | to your library.
 67173 | Elf:3    | Identified the +9 sling "Yjucing" {speed, rC+++ Will+++
                  | Int-2 Dex-5}
 67183 | Elf:3    | Identified the +6 spear of the Orange Skies {vorpal, rPois
                  | MP-9 Str+5}
 67184 | Elf:3    | Identified the +1 plate armour of Kiobyut {rPois rC- rN++
                  | Slay+2}
 67211 | Elf:3    | You add the spells Gell's Gravitas and Teleport Other to
                  | your library.
 67235 | Elf:3    | Learned a level 6 spell: Iron Shot
 67564 | Depths:1 | Entered Level 1 of the Depths
 67564 | Depths:1 | Found a shimmering altar of Xom.
 67569 | Depths:1 | HP: 41/166 [white very ugly thing (40)]
 68119 | Depths:1 | Found a broken altar of Ashenzari.
 68123 | Depths:1 | Paralysed by a floating eye for 2 turns
 68231 | Depths:1 | Identified the +7 broad axe of Zaigar {drain, rPois}
 68408 | Depths:1 | Found a one-way gate leading to the halls of Pandemonium.
 68653 | Depths:1 | Found a gateway to Hell.
 69043 | Depths:2 | Found a sparkling altar of Nemelex Xobeh.
 69256 | Depths:2 | Reached skill level 13 in Spellcasting
 69272 | Depths:2 | Noticed Grunn
 69279 | Depths:2 | Reached skill level 15 in Unarmed Combat
 69299 | Depths:2 | Killed Grunn
 69548 | Depths:2 | Noticed Nikola
 69560 | Depths:2 | Killed Nikola
 69995 | Depths:2 | Reached skill level 17 in Fighting
 70218 | Depths:2 | You pick up a book of Annihilations and begin reading...
 70218 | Depths:2 | You add the spells Chain Lightning, Fire Storm and Shatter
                  | to your library.
 70349 | Depths:2 | Identified the +7 broad axe of the Burning Gods {vorpal,
                  | *Rage rElec rPois Dex-3}
 70383 | Depths:2 | Reached skill level 14 in Spellcasting
 70575 | Depths:3 | Paralysed by a floating eye for 3 turns
 70764 | Depths:3 | Paralysed by a floating eye for 2 turns
 70785 | Depths:3 | Reached skill level 16 in Unarmed Combat
 70791 | Depths:3 | Reached XP level 24. HP: 175/175 MP: 30/41
 71120 | Depths:3 | Found a one-way gate to the infinite horrors of the Abyss.
 71750 | Depths:4 | Entered Level 4 of the Depths
 71997 | Depths:4 | Found a gate to the Realm of Zot.
 72003 | Depths:4 | Reached skill level 21 in Dodging
 72054 | Depths:4 | Reached skill level 15 in Spellcasting
 72277 | Depths:4 | Found a one-way gateway to a ziggurat.
 72394 | Depths:4 | Reached skill level 17 in Unarmed Combat
 72522 | Depths:4 | Found a hide-covered altar of Uskayaw.
 72718 | Depths:4 | Found Wammo's General Store.
 72766 | Depths:4 | Bought a potion of heal wounds for 65 gold pieces
 73213 | Depths:3 | Voluntarily entered the Abyss.
 73444 | Abyss:2  | Found a corrupted altar of Lugonu.
 73611 | Abyss:3  | Found a corrupted altar of Lugonu.
 73632 | Abyss:3  | Reached skill level 18 in Fighting
 73640 | Abyss:3  | Got an abyssal rune of Zot
 73727 | Depths:3 | You pass through the gate.
 73727 | Depths:3 | Escaped the Abyss
 74142 | D:12     | Bought the ring "Igruop" {rElec rC+ rN+ SInv} for 603 gold
                  | pieces
 74291 | Vaults:3 | Bought a potion of resistance for 460 gold pieces
 74291 | Vaults:3 | Bought a scroll of teleportation for 138 gold pieces
 74291 | Vaults:3 | Bought a potion of haste for 460 gold pieces
 74291 | Vaults:3 | Bought a dented bone amulet for 230 gold pieces
 74519 | Zot:1    | Entered Level 1 of the Realm of Zot
 74709 | Zot:1    | Identified the +1 mace "Kubba" {protect, *Rage Fly Dex+8}
 75282 | Zot:1    | Reached skill level 18 in Unarmed Combat
 75499 | Zot:1    | Noticed a dread lich
 75500 | Zot:1    | Paralysed by a floating eye for 3 turns
 75504 | Zot:1    | Noticed a dread lich
 75505 | Zot:1    | Noticed a dread lich
 75507 | Zot:1    | Noticed a dread lich
 75508 | Zot:1    | Noticed an electric golem
 75508 | Zot:1    | Killed a dread lich
 75509 | Zot:1    | Reached skill level 16 in Spellcasting
 75509 | Zot:1    | Noticed a dread lich
 75520 | Zot:1    | Killed a dread lich
 75521 | Zot:1    | Reached XP level 25. HP: 104/184 MP: 27/43
 75525 | Zot:1    | Killed a dread lich
 75530 | Zot:1    | Killed a dread lich
 75537 | Zot:1    | Killed a dread lich
 75547 | Zot:1    | Killed an electric golem
 75869 | Zot:1    | Found the +13 scythe of Curses {drain, Drain}
 76030 | Zot:1    | Found a shimmering altar of Xom.
 76030 | Zot:1    | Noticed Oczupsu's ghost (legendary GrFi)
 76030 | Zot:1    | Identified the +11 demon whip of the Iron City of Dis
                  | {chaos, +Blink rF+ Will+}
 76031 | Zot:1    | Found a runed translucent door.
 76190 | Zot:1    | Killed Oczupsu's ghost
 76199 | Zot:1    | Identified the ring "Paf Obb" {*Slow rC++ rCorr}
 76586 | Zot:2    | You pick up a book of the Wilderness and begin reading...
 76586 | Zot:2    | You add the spells Summon Forest and Summon Mana Viper to
                  | your library.
 77130 | Zot:2    | Reached skill level 19 in Unarmed Combat
 77747 | Zot:2    | Bought the ring "Teorghut" {rF++ SInv} for 553 gold pieces
 77755 | Zot:2    | Bought a potion of mutation for 256 gold pieces
 77755 | Zot:2    | Bought a scroll of teleportation for 96 gold pieces
 77755 | Zot:2    | Bought a scroll of teleportation for 96 gold pieces
 77757 | Zot:2    | Bought a book of the Dragon for 782 gold pieces
 77757 | Zot:2    | You pick up a book of the Dragon and begin reading...
 77757 | Zot:2    | You add the spells Cause Fear, Dragon Form and Dragon's
                  | Call to your library.
 77757 | Zot:2    | Bought a book of Ice for 782 gold pieces
 77757 | Zot:2    | You pick up a book of Ice and begin reading...
 78154 | Zot:3    | Noticed a curse toe
 78159 | Zot:3    | Killed a curse toe
 78537 | Zot:4    | Noticed a curse toe
 78542 | Zot:4    | Killed a curse toe
 78588 | Zot:4    | Noticed a curse toe
 78643 | Zot:4    | Noticed a curse toe
 78651 | Zot:4    | Killed a curse toe
 78778 | Zot:4    | You pick up a book of Death and begin reading...
 78778 | Zot:4    | You add the spells Haunt and Infestation to your library.
 78826 | Zot:4    | Reached skill level 19 in Fighting
 79321 | Zot:5    | Entered Level 5 of the Realm of Zot
 79386 | Zot:5    | Noticed an orb of fire
 79387 | Zot:5    | Gained mutation: You are weak. (Str -2) [an orb of fire]
 79388 | Zot:5    | Noticed an orb of fire
 79399 | Zot:5    | Killed an orb of fire
 79400 | Zot:5    | Noticed an orb of fire
 79400 | Zot:5    | Noticed a Killer Klown
 79403 | Zot:5    | Killed an orb of fire
 79403 | Zot:5    | Noticed a Killer Klown
 79406 | Zot:5    | Noticed a dread lich
 79410 | Zot:5    | Killed an orb of fire
 79411 | Zot:5    | Reached skill level 20 in Unarmed Combat
 79412 | Zot:5    | Killed a dread lich
 79413 | Zot:5    | Reached skill level 17 in Spellcasting
 79413 | Zot:5    | Noticed an ancient lich
 79415 | Zot:5    | Killed an ancient lich
 79416 | Zot:5    | Noticed a Killer Klown
 79425 | Zot:5    | Killed a Killer Klown
 79427 | Zot:5    | Killed a Killer Klown
 79428 | Zot:5    | Reached XP level 26. HP: 121/194 MP: 33/44
 79431 | Zot:5    | Killed a Killer Klown
 79445 | Zot:5    | Noticed a Killer Klown
 79449 | Zot:5    | Killed a Killer Klown
 80082 | Zot:5    | Noticed an electric golem
 80091 | Zot:5    | Killed an electric golem
 80158 | Zot:5    | Noticed a Killer Klown
 80164 | Zot:5    | Killed a Killer Klown
 80202 | Zot:5    | Noticed a Killer Klown
 80208 | Zot:5    | Noticed a Killer Klown
 80210 | Zot:5    | Killed a Killer Klown
 80211 | Zot:5    | Noticed an electric golem
 80213 | Zot:5    | Killed a Killer Klown
 80214 | Zot:5    | Reached skill level 21 in Unarmed Combat
 80215 | Zot:5    | Noticed an orb of fire
 80216 | Zot:5    | Noticed a dread lich
 80224 | Zot:5    | Killed an electric golem
 80225 | Zot:5    | Killed an orb of fire
 80226 | Zot:5    | Killed a dread lich
 80413 | Zot:5    | Reached skill level 20 in Fighting
 80586 | Zot:5    | Learned a level 7 spell: Dragon Form
 81145 | D:12     | Bought a book of Unlife for 576 gold pieces
 81145 | D:12     | You pick up a book of Unlife and begin reading...
 81152 | D:12     | Learned a level 6 spell: Death Channel
 81239 | Hell     | Entered the Vestibule of Hell
 81239 | Hell     | Noticed Geryon
 81251 | Hell     | Reached skill level 1 in Necromancy
 81595 | Depths:1 | Reached skill level 2 in Necromancy
 81738 | Hell     | Reached skill level 18 in Spellcasting
 81741 | Hell     | Reached skill level 3 in Necromancy
 81765 | Hell     | Reached skill level 4 in Necromancy
 81771 | Hell     | Killed Geryon
 81781 | Hell     | Reached skill level 5 in Necromancy
 81885 | Hell     | Found a gateway to the ashen valley of Gehenna.
 82243 | Hell     | Found a gateway to the Iron City of Dis.
 82265 | Hell     | Found a gateway to the freezing wastes of Cocytus.
 82360 | Hell     | Found a gateway to the decaying netherworld of Tartarus.
 82828 | Slime:1  | Entered Level 1 of the Pits of Slime
 82838 | Slime:1  | Reached skill level 6 in Necromancy
 82896 | Slime:1  | Reached skill level 7 in Necromancy
 83794 | Slime:2  | Noticed Dissolution
 83795 | Slime:2  | Reached XP level 27. HP: 203/203 MP: 33/45
 83805 | Slime:2  | Killed Dissolution
 83806 | Slime:2  | Reached skill level 8 in Necromancy
 84135 | Slime:3  | Gained mutation: You are vulnerable to cold. (rC-) [a
                  | shining eye]
 84136 | Slime:3  | Gained mutation: You have a pair of small antennae on your
                  | head. [a shining eye]
 84759 | Slime:4  | Reached skill level 9 in Necromancy
 85166 | Slime:3  | Reached skill level 21 in Fighting
 85479 | Slime:5  | Entered Level 5 of the Pits of Slime
 85494 | Slime:5  | Reached skill level 10 in Necromancy
 85497 | Slime:5  | Reached skill level 1 in Fire Magic
 85512 | Slime:5  | Reached skill level 2 in Fire Magic
 85520 | Slime:5  | Found a viscous altar of Jiyva.
 85524 | Slime:5  | Noticed the Royal Jelly
 85524 | Slime:5  | Found the +10 tower shield of Ignorance {rN+ Int-4}
 85528 | Slime:5  | Reached skill level 3 in Fire Magic
 85536 | Slime:5  | Killed the Royal Jelly
 85537 | Slime:5  | Reached skill level 4 in Fire Magic
 85552 | Slime:5  | Reached skill level 5 in Fire Magic
 85573 | Slime:5  | Reached skill level 6 in Fire Magic
 85747 | Slime:5  | Identified the +8 long sword of Tuupem {venom, rC+ Will++}
 85754 | Slime:5  | Identified the ring of Sicat {+Blink rPois rC+ Str+3
                  | Slay+4}
 85768 | Slime:5  | You pick up a book of Scorching and begin reading...
 85810 | Slime:5  | Identified the +8 hand axe of Kiodalash {vorpal, rCorr}
 85826 | Slime:5  | You pick up a book of Maledictions and begin reading...
 85826 | Slime:5  | You add the spells Anguish and Enfeeble to your library.
 85836 | Slime:5  | Got a slimy rune of Zot
 85839 | Slime:5  | Identified the +3 leather armour of the Wild Haggis {rN+
                  | Stlth+}
 85852 | Slime:5  | You pick up a book of Chaos and begin reading...
 85852 | Slime:5  | You add the spells Conjure Ball Lightning and Discord to
                  | your library.
 85860 | Slime:5  | Identified the +8 war axe "Hydrabane" {pain, Fly rC+ SInv}
 86348 | Slime:4  | Reached skill level 7 in Fire Magic
 86697 | Lair:4   | Learned a level 4 spell: Manifold Assault
 86806 | Snake:3  | Bought a potion of mutation for 352 gold pieces
 86806 | Snake:3  | Bought a potion of resistance for 440 gold pieces
 86806 | Snake:3  | Lost mutation: You are weak. (Str -2) [potion of mutation]
 86806 | Snake:3  | Lost mutation: You have a pair of small antennae on your
                  | head. [potion of mutation]
 86806 | Snake:3  | Lost mutation: You are vulnerable to cold. (rC-) [potion of
                  | mutation]
 86806 | Snake:3  | Gained mutation: You sometimes lose your temper in combat.
                  | [potion of mutation]
 86806 | Snake:3  | Gained mutation: You are dopey. (Int -2) [potion of
                  | mutation]
 86806 | Snake:3  | Gained mutation: You are resistant to electric shocks.
                  | (rElec) [potion of mutation]
 86807 | Snake:3  | Lost mutation: You sometimes lose your temper in combat.
                  | [potion of mutation]
 86807 | Snake:3  | Lost mutation: You are resistant to electric shocks.
                  | (rElec) [potion of mutation]
 86807 | Snake:3  | Gained mutation: Your magical capacity is low. (-10% MP)
                  | [potion of mutation]
 86807 | Snake:3  | Lost mutation: You are dopey. (Int -2) [potion of mutation]
 86811 | Snake:3  | Upgraded the game from 0.30-a0-540-g0af01429fa to
                  | 0.30-a0-553-g7fabdf1491
 87187 | Vaults:5 | Entered Level 5 of the Vaults
 87196 | Vaults:5 | Reached skill level 1 in Translocations
 87197 | Vaults:5 | Reached skill level 1 in Evocations
 87207 | Vaults:5 | Reached skill level 2 in Translocations
 87212 | Vaults:5 | Reached skill level 2 in Evocations
 87215 | Vaults:5 | Reached skill level 3 in Translocations
 87233 | Vaults:5 | Reached skill level 4 in Translocations
 87233 | Vaults:5 | Reached skill level 3 in Evocations
 87253 | Vaults:5 | Reached skill level 5 in Translocations
 87269 | Vaults:5 | Reached skill level 4 in Evocations
 87298 | Vaults:5 | Noticed Boris
 87303 | Vaults:5 | Killed Boris
 87304 | Vaults:5 | Reached skill level 6 in Translocations
 87369 | Vaults:5 | Got the Compilation of Hindering Rallying
 87414 | Vaults:5 | Identified the +10 halberd "Awkanoik" {flame, Int+7}
 87449 | Vaults:5 | Reached skill level 5 in Evocations
 87512 | Vaults:5 | Reached skill level 7 in Translocations
 87637 | Vaults:5 | Reached skill level 6 in Evocations
 87640 | Vaults:5 | Reached skill level 8 in Translocations
 87811 | Vaults:5 | Noticed Mennas
 87840 | Vaults:4 | HP: 36/205 [Mennas/+1 sacred scourge of holy wrath (18)]
 87848 | Vaults:4 | HP: 33/205 [Mennas/+1 sacred scourge of holy wrath (24)]
 87853 | Vaults:4 | HP: 36/205 [Mennas/+1 sacred scourge of holy wrath (4)]
 87855 | Vaults:4 | Slain by Mennas

Vanquished Creatures
  Dissolution (Slime:2)
  the Royal Jelly (Slime:5)
  5 dread liches
  4 orbs of fire (Zot:5)
  2 Killer Klowns (Zot:5)
  Boris (Vaults:5)
  The ghost of Oczupsu the Shatterer, a legendary GrFi of Okawaru (Zot:1)
  2 curse toes
  Geryon (Hell)
  5 golden dragons
  Nikola (Depths:2)
  4 bone dragons
  3 electric golems
  Zenata (Elf:1)
  3 doom hounds (Depths:2)
  6 tentacled monstrosities
  Jorgrun (Orc:1)
  3 liches
  11 Orb Guardians (Zot:5)
  18 acid blobs
  Grunn (Depths:2)
  3 titans (Vaults:5)
  5 deep elf blademasters
  A kraken (Abyss:1)
  8 death cobs
  5 sphinxes
  6 quicksilver dragons
  The ghost of Nys Cevy the Brawler, an adept TrFi of Qazlal (Snake:2)
  3 tentacled starspawn
  13 shadow dragons
  An ancient champion (Vaults:2)
  Kirke (Elf:1)
  The ghost of Sokuv the Ruinous, an adept DECj of Sif Muna (Snake:2)
  9 azure jellies
  5 tengu reavers
  A nagaraja (WizLab)
  8 rockslimes
  10 storm dragons
  A draconian monk (Zot:3)
  A draconian knight (Zot:1)
  5 fire giants
  5 frost giants
  A balrug (Hell)
  2 iron dragons (Depths:4)
  A caustic shrike zombie (Hell)
  A cacodemon (Hell)
  7 deep elf sorcerers
  12 vault wardens
  Aizul (Vaults:3)
  A draconian scorcher (Zot:2)
  3 ghost moths
  The ghost of Fypuno Aqar the Pyromancer, an adept DEFE of Elyvilon (Vaults:2)
  4 draconian stormcallers (Depths:4)
  2 spriggan defenders (Depths:3)
  6 war gargoyles
  4 draconian annihilators
  12 quicksilver oozes
  12 very ugly things
  10 ironbound preservers
  5 reapers
  3 draconian shifters
  A broodmother (Zot:5)
  9 ironbound thunderhulks
  3 vampire knights
  11 stone giants
  A juggernaut skeleton (Depths:2)
  3 demonspawn corrupters (WizLab)
  3 green draconians
  3 deep elf demonologists (Elf:3)
  An eleionoma (Swamp:3)
  A spectral titan (Vaults:2)
  4 black draconians
  5 purple draconians
  6 yellow draconians
  A putrid mouth (Depths:2)
  5 dire elephants (Vaults:4)
  2 red draconians
  3 white draconians
  A deep elf annihilator (Elf:3)
  9 deep elf death magi
  10 ettins
  A shambling mangrove (Swamp:2)
  3 blizzard demons
  3 crystal guardians
  3 deep elf high priests
  A quicksilver dragon zombie (Depths:1)
  A rakshasa (Depths:2)
  16 yaktaur captains
  6 fire dragons
  3 ice dragons
  An entropy weaver (Vaults:4)
  7 great orbs of eyes
  27 vault guards
  6 starcursed masses
  4 peacekeepers
  2 ogre magi
  A catoblepas (D:13)
  Erolcha (D:9)
  4 hydras
  4 spriggan skeletons (Depths:2)
  6 ironbound frosthearts
  14 centaur warriors
  A satyr (shapeshifter) (Elf:1)
  3 deep troll shamans
  A naga warrior (Snake:2)
  An anaconda (WizLab)
  A spectral sphinx (Vaults:2)
  3 tengu warriors
  5 deep troll earth magi
  3 boulder beetles
  4 shock serpents
  A thrashing horror (Abyss:1)
  33 dancing weapons
  A vampire mage (Depths:2)
  2 naga sharpshooters
  2 alligators (Swamp:1)
  7 spriggan berserkers
  5 hell hogs
  13 sun demons
  The ghost of MirrMurr the Marksspriggan, a journeyman SpHu of Okawaru (D:11)
  5 iron trolls
  3 large abominations
  11 deep elf knights
  4 titan skeletons
  A soul eater (Hell)
  Nergalle (Orc:2)
  2 sixfirhies
  A salamander mystic (Depths:4)
  20 skeletal warriors
  A spriggan druid (Depths:3)
  A wretched star (Abyss:2)
  3 goliath frogs (Swamp:1)
  A storm dragon skeleton (Depths:2)
  A swamp dragon (shapeshifter) (Elf:2)
  A swamp dragon (Swamp:4)
  7 glowing orange brains
  47 deep trolls
  3 bog bodies
  A naga ritualist (Snake:4)
  6 deep elf archers
  A lindwurm (shapeshifter) (Vaults:5)
  15 wizards
  5 golden dragon skeletons (Depths:2)
  12 ironbound convokers
  20 deep elf zephyrmancers
  27 deep elf pyromancers
  6 lindwurms
  A mana viper (shapeshifter) (Elf:1)
  A harpy (shapeshifter) (Vaults:4)
  6 phantasmal warriors
  5 necromancers
  2 orc knights
  A human zombie (Vaults:2)
  A wolf spider zombie (D:13)
  3 shadow dragon skeletons (Depths:2)
  A sphinx zombie (Depths:1)
  A tengu skeleton (Depths:2)
  2 orc sorcerers
  A cyclops (D:15)
  2 sphinx skeletons (Depths:2)
  37 ugly things
  A mana viper (Snake:2)
  A wolf spider (Lair:5)
  A manticore (D:14)
  8 worldbinders
  4 elephants (Lair:2)
  4 salamanders
  24 moths of wrath
  2 frost giant skeletons (Depths:2)
  A guardian serpent (Snake:4)
  3 rust devils
  2 naga magi
  3 centaur zombies (D:13)
  A dire elephant zombie (Hell)
  2 titan simulacra (Vaults:2)
  3 molten gargoyles (Hell)
  13 black mambas
  13 vault sentinels
  A stone giant skeleton (Hell)
  3 eyes of devastation
  4 fire giant skeletons (Depths:2)
  2 orange demons (Depths:1)
  Maggie (D:7)
  A dire elephant skeleton (Hell)
  9 smoke demons
  6 komodo dragons
  7 cane toads
  6 centaur skeletons
  4 nameless horrors
  A yaktaur zombie (Vaults:2)
  2 hellions
  An efreet (Abyss:1)
  A demonic crawler (Depths:1)
  A komodo dragon (shapeshifter) (Abyss:1)
  A spectral glowing shapeshifter (Vaults:2)
  35 yaktaurs
  2 tormentors (Depths:1)
  An ancient zyme (Abyss:1)
  3 freezing wraiths
  7 ice devils
  3 trolls
  2 tengu conjurers
  2 red devils
  3 hellwings
  2 harpy zombies (Hell)
  4 tyrant leeches
  3 polar bears (Lair:5)
  A tyrant leech (shapeshifter) (Vaults:1)
  A hydra skeleton (Hell)
  2 tarantellas (Vaults:5)
  An iron dragon simulacrum (Vaults:2)
  12 hornets
  A dream sheep (Lair:5)
  94 slime creatures
  A stone giant simulacrum (Vaults:2)
  6 blink frogs
  A spriggan zombie (Depths:1)
  A frost giant simulacrum (Vaults:2)
  A jumping spider (Vaults:4)
  A meliai zombie (D:13)
  10 flying skulls (Depths:2)
  21 spriggans
  3 ynoxinuls
  An air elemental (Elf:2)
  A centaur simulacrum (Hell)
  2 wraiths
  10 wyverns
  A shadow (D:10)
  2 hogs (Elf:1)
  22 yaks
  2 fire elementals
  An ettin skeleton (Depths:1)
  4 golden eyes
  A basilisk (Lair:5)
  2 neqoxecs
  A yaktaur simulacrum (Vaults:2)
  8 redbacks
  4 vampire mosquitoes (D:15)
  4 nagas
  4 wargs
  A spectral entropy weaver (Vaults:2)
  An acid dragon (D:14)
  2 floating eyes
  14 water moccasins
  4 swamp worms
  3 glowing shapeshifter skeletons
  14 hell hounds
  2 human skeletons
  10 orc warriors
  An ice beast (D:7)
  A sky beast (D:8)
  5 small abominations
  2 swamp drakes
  3 black bears (Lair:5)
  2 spriggan simulacra
  An ogre (Orc:2)
  3 hornet zombies (D:13)
  12 wolves
  5 boggarts
  7 centaurs
  A kobold brigand (D:10)
  An earth elemental (Elf:1)
  2 scorpions
  5 bullfrogs
  3 wights (D:7)
  A tengu zombie (D:15)
  6 electric eels
  A howler monkey (D:7)
  3 hounds (D:5)
  2 jellies (D:5)
  An iron imp (Abyss:3)
  4 orc priests
  3 iguanas
  2 boggart zombies (D:13)
  10 orc wizards
  7 adders
  4 gnolls (D:6)
  A river rat (D:4)
  3 white imps
  An ufetubus (D:7)
  A worm (D:4)
  A dart slug (D:2)
  12 orcs
  4 ball pythons
  5 endoplasms
  5 giant cockroaches
  A goblin (D:2)
  3 hobgoblins
  3 jackals (D:1)
  9 quokkas
  A bat (D:3)
  4 frilled lizards
  5 kobolds
  2 rats
  A briar patch (Swamp:4)
  A butterfly (Lair:3)
  2 starspawn tentacles
  4 tentacles (Abyss:1)
1458 creatures vanquished.

Vanquished Creatures (collateral kills)
  2 dread liches
  An ancient lich (Zot:5)
  5 Killer Klowns (Zot:5)
  A curse toe (Zot:4)
  Vashnia (Snake:4)
  A bone dragon (D:13)
  6 tentacled monstrosities
  Rupert (D:12)
  9 Orb Guardians (Zot:5)
  Asterion (Snake:1)
  2 deep elf master archers (Elf:3)
  2 quicksilver dragons
  4 death cobs
  6 acid blobs
  The ghost of Dittersdorf the Severer, an adept MiBe of Trog (Snake:2)
  A shadow dragon (Zot:2)
  2 storm dragons
  A thorn hunter (Swamp:2)
  14 nagarajas (Snake:4)
  The ghost of Tuffe the Warrior, an adept FoFi of Okawaru (Snake:2)
  Roxanne (Snake:1)
  A draconian knight (Zot:3)
  A draconian monk (Zot:3)
  4 azure jellies
  3 deep elf sorcerers
  A draconian scorcher (Zot:3)
  Louise (Snake:4)
  The ghost of Xitaol the Ninja, an adept SpEn of Wu Jian (Snake:2)
  A vault warden (Vaults:1)
  A deep elf elementalist (Elf:3)
  2 draconian stormcallers
  A reaper (Depths:2)
  2 ironbound preservers (Vaults:4)
  2 stone giants (Vaults:1)
  A quicksilver ooze (Slime:1)
  A very ugly thing (Vaults:4)
  A draconian annihilator (Zot:5)
  2 black draconians (Zot:3)
  A green draconian (Zot:3)
  3 eleionomae
  6 bunyips
  2 deep elf demonologists
  2 yellow draconians (Zot:5)
  3 deep elf annihilators (Elf:3)
  The ghost of Torious the Devastator, a journeyman DECj of Sif Muna (Swamp:1)
  A purple draconian (Zot:1)
  A red draconian (Zot:1)
  A blizzard demon (Hell)
  2 ettins (Vaults:1)
  3 deep elf death magi
  A merfolk javelineer (WizLab)
  An ettin (shapeshifter) (Vaults:1)
  3 deep elf high priests
  2 shambling mangroves (Swamp:4)
  A yaktaur captain (Vaults:1)
  An entropy weaver (Vaults:3)
  A salamander tyrant (Snake:4)
  27 hydras
  3 great orbs of eyes
  An ice dragon (Hell)
  3 centaur warriors
  A merfolk avatar (Abyss:3)
  A catoblepas (Lair:3)
  A two-headed ogre (D:12)
  2 ironbound frosthearts
  3 anacondas
  2 boulder beetles
  2 ogre magi (Orc:2)
  16 alligators
  17 naga warriors
  2 deep troll shamans
  A deep troll earth mage (Depths:1)
  11 spriggans
  2 shock serpents
  18 naga sharpshooters
  2 sun demons (Depths:2)
  2 deep elf knights
  An iron troll (Depths:1)
  A soul eater (Depths:2)
  3 goliath frogs
  A salamander mystic (Snake:2)
  A goliath frog (shapeshifter) (D:11)
  8 swamp dragons
  4 spriggan druids
  6 naga ritualists
  3 deep trolls
  2 ironbound convokers
  Pikel (D:6)
  4 deep elf archers (Elf:1)
  A phantasmal warrior (D:15)
  5 deep elf pyromancers
  3 orc knights
  2 wizards
  2 wolf spider zombies (D:13)
  6 bog bodies
  2 necromancers
  13 deep elf zephyrmancers
  7 cyclopes
  3 mana vipers
  14 ugly things
  An oklob plant (Swamp:1)
  3 shining eyes
  5 will-o-the-wisps
  7 orc sorcerers
  10 salamanders
  3 manticores
  7 moths of wrath
  3 centaur zombies
  9 elephants
  An eye of devastation (Slime:5)
  4 vault sentinels (Vaults:1)
  22 naga magi
  A smoke demon (Hell)
  A rust devil (Depths:2)
  29 black mambas
  3 guardian serpents
  2 gargoyles
  An orange demon (Hell)
  12 cane toads
  A spriggan zombie (D:15)
  2 unseen horrors (D:12)
  A freezing wraith (Hell)
  3 rime drakes
  An ice devil (Depths:2)
  5 komodo dragons
  4 kobold demonologists
  An anaconda simulacrum (Hell)
  A hellwing (Depths:2)
  2 yaktaurs (Vaults:1)
  A red devil (Depths:2)
  6 polar bears (Lair:5)
  2 bloated husks
  16 hornets
  4 trolls
  6 tyrant leeches
  A tengu simulacrum (Vaults:2)
  A blink frog (Lair:2)
  23 slime creatures
  5 dream sheep
  7 wyverns (Lair:5)
  35 yaks
  A hog (Elf:1)
  A nameless horror (Swamp:4)
  4 basilisks
  3 wraiths
  2 vampire mosquitoes (D:15)
  A golden eye (Slime:3)
  5 redbacks
  3 steam dragons (D:8)
  40 nagas
  3 wargs
  6 swamp worms
  2 acid dragons
  6 water moccasins
  11 hell hounds (Lair:5)
  8 swamp drakes
  3 floating eyes
  An ice beast (D:6)
  9 orc warriors
  9 black bears
  18 centaurs
  20 wolves
  6 ogres
  A boggart (Vaults:1)
  2 kobold brigands
  6 bullfrogs
  3 scorpions
  A necrophage (D:5)
  A killer bee (D:9)
  A howler monkey (D:6)
  3 electric eels
  2 crimson imps (Depths:2)
  A hound (D:4)
  6 orc priests
  2 gnoll boudas
  3 iguanas
  20 orc wizards
  Natasha (thrice) (D:3)
  A boggart skeleton (D:13)
  12 gnolls
  10 adders
  3 river rats (D:4)
  2 ufetubi
  3 worms
  A dart slug (D:1)
  55 orcs
  3 bats
  10 endoplasms
  10 giant cockroaches
  6 goblins
  6 hobgoblins
  22 kobolds
  9 quokkas (Sewer)
  15 ball pythons
  9 frilled lizards
  5 rats
  2 briar patches (Swamp:4)
  A starspawn tentacle (Abyss:3)
989 creatures vanquished.

Vanquished Creatures (others)
  A tentacled monstrosity (Zot:5)
  5 Orb Guardians (Zot:5)
  A thorn hunter (Swamp:4)
  A draconian monk (Zot:5)
  A draconian knight (Zot:5)
  2 draconian shifters
  A draconian stormcaller (Zot:5)
  2 red draconians (Zot:4)
  2 black draconians
  A tormentor (Hell)
  A tengu conjurer (Depths:4)
  3 bloated husks
  A tyrant leech (Swamp:4)
  A water elemental (Elf:2)
  A swamp worm (Swamp:3)
  A briar patch (Swamp:4)
  20 foxfires
  26 fungi
  270 plants
  A starspawn tentacle (Abyss:1)
  3 withered plants (D:15)
345 creatures vanquished.

Grand Total: 2792 creatures vanquished

Table legend:
 A = Non-vault XP
 B = Vault XP
 C = Vault XP percentage of total XP
 D = Non-vault monster count
 E = Vault monster count
 F = Vault count percentage of total count
                 A         B        C        D         E       F
            +---------+---------+-------+---------+---------+-------
      Total |  729306 |  687159 |  48.5 |    1457 |     966 |  39.9
            +---------+---------+-------+---------+---------+-------
        D:1 |      61 |       0 |   0.0 |      27 |       0 |   0.0
        D:2 |      42 |       2 |   4.5 |      17 |       1 |   5.6
        D:3 |     140 |      35 |  20.0 |      21 |       1 |   4.5
        D:4 |     417 |      61 |  12.8 |      24 |       8 |  25.0
        D:5 |     561 |       0 |   0.0 |      14 |       0 |   0.0
        D:6 |     857 |     663 |  43.6 |      31 |       1 |   3.1
        D:7 |     706 |     502 |  41.6 |      10 |       2 |  16.7
        D:8 |    3710 |     315 |   7.8 |      18 |       2 |  10.0
        D:9 |    2989 |    1080 |  26.5 |      24 |       8 |  25.0
       D:10 |    1962 |     556 |  22.1 |      16 |       1 |   5.9
       D:11 |    3196 |    1533 |  32.4 |      25 |       2 |   7.4
       D:12 |    7152 |    1834 |  20.4 |      31 |       1 |   3.1
       D:13 |    5428 |   10414 |  65.7 |      14 |      24 |  63.2
       D:14 |   11084 |       0 |   0.0 |      20 |       0 |   0.0
       D:15 |   13597 |    4149 |  23.4 |      34 |       8 |  19.0
     Lair:1 |    1751 |    1832 |  51.1 |      14 |      13 |  48.1
     Lair:2 |    7837 |    3567 |  31.3 |      21 |      16 |  43.2
     Lair:3 |    7119 |    6297 |  46.9 |      28 |      17 |  37.8
     Lair:4 |    4826 |     184 |   3.7 |      15 |       1 |   6.2
     Lair:5 |   12394 |   19128 |  60.7 |      33 |      91 |  73.4
    Swamp:1 |   10411 |    7670 |  42.4 |      21 |      13 |  38.2
    Swamp:2 |   20369 |     412 |   2.0 |      34 |       3 |   8.1
    Swamp:3 |   13747 |       0 |   0.0 |      26 |       0 |   0.0
    Swamp:4 |   16163 |   19492 |  54.7 |      25 |      27 |  51.9
    Snake:1 |    9685 |    3625 |  27.2 |      23 |       4 |  14.8
    Snake:2 |   17458 |    7694 |  30.6 |      35 |       8 |  18.6
    Snake:3 |   16560 |     578 |   3.4 |      39 |       2 |   4.9
    Snake:4 |   12428 |   47695 |  79.3 |      22 |      56 |  71.8
    Slime:1 |   19403 |       0 |   0.0 |      40 |       0 |   0.0
    Slime:2 |   11582 |    7782 |  40.2 |      28 |       1 |   3.4
    Slime:3 |   11787 |       0 |   0.0 |      30 |       0 |   0.0
    Slime:4 |   19399 |       0 |   0.0 |      25 |       0 |   0.0
    Slime:5 |   11108 |   25866 |  70.0 |      18 |      17 |  48.6
      Orc:1 |    1951 |    1804 |  48.0 |      22 |       1 |   4.3
      Orc:2 |    4954 |    8739 |  63.8 |      46 |      51 |  52.6
      Elf:1 |   31777 |   20134 |  38.8 |      47 |      30 |  39.0
      Elf:2 |   11898 |   23279 |  66.2 |      20 |      30 |  60.0
      Elf:3 |    6764 |   31253 |  82.2 |      11 |      27 |  71.1
   Vaults:1 |   32092 |   27029 |  45.7 |      52 |      38 |  42.2
   Vaults:2 |   15118 |   29928 |  66.4 |      22 |      46 |  67.6
   Vaults:3 |   20511 |    9381 |  31.4 |      28 |      12 |  30.0
   Vaults:4 |   41241 |   24124 |  36.9 |      57 |      31 |  35.2
   Vaults:5 |   14820 |   62065 |  80.7 |      21 |      57 |  73.1
    Crypt:1 |     214 |       0 |   0.0 |       1 |       0 |   0.0
   Depths:1 |   32293 |    2258 |   6.5 |      46 |       5 |   9.8
   Depths:2 |   24323 |   51203 |  67.8 |      24 |      82 |  77.4
   Depths:3 |   25407 |   13014 |  33.9 |      32 |      30 |  48.4
   Depths:4 |   40808 |   13423 |  24.8 |      47 |      11 |  19.0
       Hell |   18679 |   17921 |  49.0 |      36 |      27 |  42.9
      Zot:1 |   25281 |   41931 |  62.4 |      22 |      18 |  45.0
      Zot:2 |   19619 |    8487 |  30.2 |      18 |       8 |  30.8
      Zot:3 |   20363 |       0 |   0.0 |      21 |       0 |   0.0
      Zot:4 |   18811 |    6153 |  24.6 |      18 |       4 |  18.2
      Zot:5 |   31110 |   89575 |  74.2 |      30 |      36 |  54.5
    Abyss:1 |    9214 |    1552 |  14.4 |      18 |       1 |   5.3
    Abyss:2 |    2894 |       0 |   0.0 |       4 |       0 |   0.0
    Abyss:3 |    3235 |    6870 |  68.0 |      11 |       9 |  45.0
      Sewer |       0 |     301 | 100.0 |       0 |      54 | 100.0
     WizLab |       0 |   23769 | 100.0 |       0 |      30 | 100.0
            +---------+---------+-------+---------+---------+-------

Illustrated notes

Table legend:
 A = Kills in this place as a percentage of kills in entire the game.
 B = Kills by you in this place as a percentage of kills by you in the entire game.
 C = Kills by friends in this place as a percentage of kills by friends in the entire game.
 D = Other kills in this place as a percentage of other kills in the entire game.
 E = Experience gained in this place as a percentage of experience gained in the entire game.
 F = Experience gained in this place divided by the number of levels of this place that you have seen.
                   A       B       C       D       E      F
               +-------+-------+-------+-------+-------+----------------------
         Total | 100.0 | 100.0 | 100.0 | 100.0 | 100.0 | 23220.7
       Dungeon |  15.9 |  10.2 |  24.5 |   0.0 |   5.2 | 4869.7
          Lair |  10.3 |   7.2 |  14.9 |   0.0 |   4.6 | 12987.0
         Swamp |   6.1 |   2.0 |  11.7 |  33.3 |   6.2 | 22066.0
     Snake Pit |   7.8 |   1.9 |  16.6 |   0.0 |   8.2 | 28930.8
    Slime Pits |   6.6 |   8.5 |   3.8 |   0.0 |   7.5 | 21385.4
  Orcish Mines |   5.0 |   2.6 |   8.5 |   0.0 |   1.2 | 8724.0
   Elven Halls |   6.8 |   8.8 |   4.0 |   5.6 |   8.8 | 41701.7
        Vaults |  15.0 |  23.1 |   3.5 |   0.0 |  19.5 | 55261.8
         Crypt |   0.0 |   0.1 |   0.0 |   0.0 |   0.0 | 214.0
        Depths |  11.4 |  17.7 |   2.4 |   5.6 |  14.3 | 50682.2
          Hell |   2.6 |   3.9 |   0.6 |   5.6 |   2.6 | 36600.0
           Zot |   7.2 |   8.4 |   4.7 |  50.0 |  18.4 | 52266.0
         Abyss |   1.8 |   2.8 |   0.3 |   0.0 |   1.7 | 7921.7
         Sewer |   2.2 |   1.0 |   4.1 |   0.0 |   0.0 | 301.0
        Wizlab |   1.2 |   1.8 |   0.5 |   0.0 |   1.7 | 23769.0
               +-------+-------+-------+-------+-------+----------------------

Table legend: (Time is in decaauts)
 A = Elapsed time spent in this place.
 B = Non-inter-level travel time spent in this place.
 C = Inter-level travel time spent in this place.
 D = Time resting spent in this place.
 E = Time spent auto-exploring this place.
 F = Levels seen in this place.
 G = Mean time per level.
                   A        B        C        D        E       F      G
               +--------+--------+--------+--------+--------+-----+--------+
         Total |  87648 |  76789 |  10859 |  11932 |  52341 |  61 | 1436.9 |
       Dungeon |  22588 |  18259 |   4329 |   2614 |  12753 |  15 | 1505.9 |
        Temple |     11 |      8 |      3 |      0 |      2 |   1 |   11.0 |
          Lair |  11058 |   9505 |   1553 |   1536 |   6399 |   5 | 2211.6 |
         Swamp |   6930 |   6486 |    444 |   1985 |   3536 |   4 | 1732.5 |
     Snake Pit |   9847 |   9005 |    842 |   1678 |   6077 |   4 | 2461.8 |
    Slime Pits |   3764 |   3436 |    328 |    783 |   2132 |   5 |  752.8 |
  Orcish Mines |   3109 |   2510 |    599 |    140 |   1898 |   2 | 1554.5 |
   Elven Halls |   5378 |   4787 |    591 |   1111 |   2873 |   3 | 1792.7 |
        Vaults |   8355 |   7387 |    968 |    456 |   5649 |   5 | 1671.0 |
         Crypt |     87 |     48 |     39 |      0 |      0 |   1 |   87.0 |
        Depths |   6369 |   5828 |    541 |    570 |   4484 |   4 | 1592.2 |
          Hell |    802 |    775 |     27 |    120 |    528 |   1 |  802.0 |
           Zot |   6363 |   5772 |    591 |    313 |   4705 |   5 | 1272.6 |
         Abyss |    492 |    492 |      0 |      0 |    207 |   3 |  164.0 |
        Bazaar |    180 |    180 |      0 |      0 |    156 |   1 |  180.0 |
         Sewer |   1252 |   1252 |      0 |    364 |    593 |   1 | 1252.0 |
        Wizlab |   1056 |   1056 |      0 |    261 |    349 |   1 | 1056.0 |
               +--------+--------+--------+--------+--------+-----+--------+

Top non-repeatable levels by time:
 Snake:4: 3503 daAuts
  Lair:5: 3122 daAuts
    D:13: 2843 daAuts
   Elf:1: 2592 daAuts
  Lair:3: 2444 daAuts
    D:15: 2430 daAuts
 Snake:2: 2408 daAuts
 Swamp:1: 2324 daAuts
 Swamp:4: 2297 daAuts
 Snake:3: 2286 daAuts
   Orc:2: 2256 daAuts
  Lair:2: 2245 daAuts
Vaults:1: 2095 daAuts
Vaults:3: 2090 daAuts
    D:12: 2035 daAuts
